 Dungeon Crawl Stone Soup version 0.24-a0-582-g4d4af813a0 (webtiles) character file.

Game seed: 14083291962539276145

1278991 GordonOverkill the Infernalist (level 27, 0/224 HPs)
             Began as a Barachi Fire Elementalist on Aug 23, 2019.
             Was the Champion of Vehumet.
             Killed from afar by a Hell Sentinel (41 damage)
             ... with damnation
             ... on level 7 of the Iron City of Dis on Aug 26, 2019.
             The game lasted 09:35:18 (170774 turns).

GordonOverkill the Infernalist (BaFE)             Turns: 170774, Time: 09:35:19

Health: 0/224      AC: 45    Str: 19    XL:     27
Magic:  8/64       EV: 20    Int: 43    God:    Vehumet [******]
Gold:   4520       SH: 26    Dex: 18    Spells: 4/80 levels left

rFire    + + +     SeeInvis +   a - +9 demon trident (elec)
rCold    + . .     Gourm    .   O - +4 shield of the Valley of Death {Str+3 Int+7}
rNeg     + + +     Faith    .   I - +12 chain mail "Dybraet" {rC+ MR+}
rPois    .         Spirit   .   l - +3 hat of Pondering {ponderous, MR+ MP+10 Int+5}
rElec    +         Reflect  +   r - +5 cloak "Qosau" {rF++ Str+4 Stlth+}
rCorr    +         Harm     .   M - +0 pair of gloves of the Moneychanger {rElec SInv}
MR       ++++.                  V - +2 pair of boots {Fly}
Stlth    +.........             t - brooch of Shielding {Reflect SH+8}
HPRegen  0.00/turn              R - ring of Qiat {rN+++ rCorr Stlth+}
MPRegen  0.39/turn              K - ring "Obruth" {*Slow rF+ Str+4 Int+8 Dex+4}

@: can't hop, flying, deflect missiles, very slow
A: +LOS, swims, claws 1, fangs 1, blurry vision 1, clumsy 1, dopey 1, fire
resistance 1, frail 1, shaggy fur 1, slowness 1, inhibited regeneration, weak 1,
strong legs 2
}: 11/15 runes: decaying, serpentine, slimy, silver, bone, abyssal, demonic,
glowing, magical, fiery, dark
a: Hop, Renounce Religion, Stop Flying


You were on level 7 of the Iron City of Dis.
You worshipped Vehumet.
Vehumet was exalted by your worship.
You were not hungry.

You visited 15 branches of the dungeon, and saw 73 of its levels.
You visited Pandemonium 3 times, and saw 11 of its levels.
You visited the Abyss 7 times.
You visited 1 bazaar.
You also visited: Ice Cave and Volcano.

You collected 15293 gold pieces.
You spent 10773 gold pieces at shops.

Inventory:

Hand Weapons
 a - a +9 demon trident of electrocution (weapon)
 b - the +10 trident of Obluh {chaos, rF+ rC+ Int+2}
   (You found it on level 15 of the Dungeon)

   Each time it hits an enemy it has a different, random effect.
   It affects your intelligence (+2).
   It protects you from fire.
   It protects you from cold.
Armour
 l - the +3 hat of Pondering (worn) {ponderous, MR+ MP+10 Int+5}
   (You took it off Gastronok on level 12 of the Dungeon)

   It affects your intelligence (+5).
   It affects your resistance to hostile enchantments.
   It affects your magic capacity (+10).
 r - the +5 cloak "Qosau" (worn) {rF++ Str+4 Stlth+}
   (You found it on level 1 of the Depths)

   It affects your strength (+4).
   It greatly protects you from fire.
   It makes you more stealthy.
 I - the +12 chain mail "Dybraet" (worn) {rC+ MR+}
   (You bought it in a shop in a bazaar)

   It protects you from cold.
   It affects your resistance to hostile enchantments.
 M - the +0 pair of gloves of the Moneychanger (worn) {rElec SInv}
   (You bought it in a shop on level 4 of the Snake Pit)

   It insulates you from electricity.
   It lets you see invisible.
 O - the +4 shield of the Valley of Death (worn) {Str+3 Int+7}
   (You found it on level 1 of the Vaults)

   It affects your strength (+3).
   It affects your intelligence (+7).
 V - a +2 pair of boots of flying (worn)
Magical Staves
 s - an uncursed staff of wizardry
Jewellery
 t - the brooch of Shielding (around neck) {Reflect SH+8}
   (You found it on level 5 of the Pits of Slime)

   [amulet of reflection]

   It shields you and reflects attacks.
   It affects your SH (+8).
 w - the ring "Ketuzuh" {rPois MR+ MP+9 Str+2 Int+4}
   (You found it in an ice cave)

   [ring of magical power]

   It affects your strength (+2).
   It affects your intelligence (+4).
   It protects you from poison.
   It affects your resistance to hostile enchantments.
   It affects your magic capacity (+9).
 D - the ring of Phasing {EV+8}
   (You took it off an ironbrand convoker on level 5 of the Vaults)

   [ring of evasion]

   It affects your evasion (+8).
 F - the amulet "Loitun" {Acrobat rC+ Int+2}
   (You took it off a deep elf death mage on level 3 of the Elven Halls)

   [amulet of the acrobat]

   It helps you evade while moving and waiting.
   It affects your intelligence (+2).
   It protects you from cold.
 K - the ring "Obruth" (right hand) {*Slow rF+ Str+4 Int+8 Dex+4}
   (You acquired it on level 3 of the Vaults)

   [ring of protection from fire]

   It affects your strength (+4).
   It affects your intelligence (+8).
   It affects your dexterity (+4).
   It protects you from fire.
   It may slow you when you take damage.
 R - the ring of Qiat (left hand) {rN+++ rCorr Stlth+}
   (You took it off an ogre mage on level 5 of the Vaults)

   [ring of resist corrosion]

   It renders you almost immune to negative energy.
   It provides partial protection from all sources of acid and corrosion.
   It makes you more stealthy.
 U - the ring "Bemes" {-Tele Str+3 Int+3 Stlth+}
   (You took it off a deep elf death mage on level 5 of the Vaults)

   [ring of intelligence]

   It affects your strength (+3).
   It affects your intelligence (+3).
   It prevents most forms of teleportation.
   It makes you more stealthy.
Wands
 u - a wand of digging (17)
 E - a wand of acid (22)
Scrolls
 d - 10 scrolls of magic mapping
 e - 40 scrolls of remove curse
 f - 2 scrolls of summoning
 g - 3 scrolls of blinking
 h - 31 scrolls of teleportation
 j - 18 scrolls of immolation
 k - 5 scrolls of amnesia
 y - 33 scrolls of identify
 G - 7 scrolls of fear
 N - 4 scrolls of silence
 S - 10 scrolls of fog
 Z - 7 scrolls of holy word
Potions
 i - 29 potions of curing
 n - 9 potions of berserk rage
 x - 11 potions of lignification
 z - 4 potions of invisibility
 A - 5 potions of ambrosia
 B - 7 potions of magic
 C - 6 potions of might
 H - 3 potions of brilliance
 L - 2 potions of heal wounds
 Q - 7 potions of haste
 W - 3 potions of resistance
 X - 11 potions of cancellation
 Y - 6 potions of agility
Miscellaneous
 q - 9 phantom mirrors
 v - a crystal ball of energy
 J - the horn of Geryon (inert)
 P - a lamp of fire
Comestibles
 c - 26 rations


   Skills:
 O Level 27 Fighting
 - Level 14.0 Polearms
 - Level 24.0 Armour
 + Level 18.9 Dodging
 - Level 2.0 Stealth
 - Level 15.0 Shields
 O Level 27 Spellcasting
 - Level 25.0 Conjurations
 - Level 7.0 Charms
 - Level 10.0 Necromancy
 - Level 18.0 Translocations
 O Level 27 Fire Magic
 O Level 27 Ice Magic
 - Level 7.0 Air Magic
 - Level 10.0 Earth Magic
   Level 11.0 Invocations
 O Level 27 Evocations


You had 4 spell levels left.
You knew the following spells:

 Your Spells              Type           Power        Failure   Level  Hunger
a - Blink                 Tloc           N/A          0%          2    None
b - Orb of Destruction    Conj           ########..   1%          7    None
c - Apportation           Tloc           ######       0%          1    None
d - Glaciate              Conj/Ice       ########..   1%          9    None
e - Bolt of Magma         Conj/Fire/Erth ########..   0%          5    None
f - Borgnjor's Vile Clut  Necr/Erth      #######...   1%          5    None
g - Dispel Undead         Necr           #######.     1%          5    None
h - Iron Shot             Conj/Erth      ########..   1%          6    None
i - Deflect Missiles      Chrm/Air       #######...   8%          6    None
j - Passwall              Tmut/Erth      #######.     1%          2    None
k - Regeneration          Chrm/Necr      #######...   1%          3    None
l - Ignition              Fire           ########..   1%          8    None
m - Controlled Blink      Tloc           N/A          3%          8    None
n - Fire Storm            Conj/Fire      ########..   1%          9    None

Your spell library contained the following spells:

 Spells                   Type           Power        Failure   Level  Hunger
 Animate Skeleton         Necr           N/A          0%          1    None
 Flame Tongue             Conj/Fire      #####        0%          1    None
 Freeze                   Ice            ####         0%          1    None
 Magic Dart               Conj           ####         0%          1    None
 Pain                     Necr           ####         0%          1    None
 Sandblast                Erth           ######       0%          1    None
 Shock                    Conj/Air       ####         0%          1    None
 Sting                    Conj/Pois      ####         0%          1    None
 Ensorcelled Hibernation  Hex/Ice        ######       0%          2    None
 Searing Ray              Conj           ######       0%          2    None
 Shroud of Golubria       Chrm/Tloc      ######       0%          2    None
 Throw Flame              Conj/Fire      ######       0%          2    None
 Throw Frost              Conj/Ice       ######       0%          2    None
 Conjure Flame            Conj/Fire      ########     0%          3    None
 Dazzling Spray           Conj/Hex       ######       0%          3    None
 Gell's Gravitas          Tloc           ########..   0%          3    None
 Inner Flame              Hex/Fire       ########     0%          3    None
 Lesser Beckoning         Tloc           ########..   0%          3    None
 Ozocubu's Armour         Chrm/Ice       ########     0%          3    None
 Static Discharge         Conj/Air       ########     0%          3    None
 Stone Arrow              Conj/Erth      ######       0%          3    None
 Teleport Other           Tloc           ########     0%          3    None
 Force Lance              Conj/Tloc      ########     0%          4    None
 Iskenderun's Mystic Bla  Conj           ########     0%          4    None
 Passage of Golubria      Tloc           N/A          0%          4    None
 Sticky Flame             Conj/Fire      ########     0%          4    None
 Throw Icicle             Conj/Ice       ########     0%          4    None
 Beastly Appendage        Tmut           ######       1%          1    None
 Confusing Touch          Hex            ######       1%          1    None
 Corona                   Hex            ######.      1%          1    None
 Infusion                 Chrm           ####         1%          1    None
 Summon Butterflies       Summ           ######..     1%          1    None
 Summon Small Mammal      Summ           ####         1%          1    None
 Call Imp                 Summ           ######..     1%          2    None
 Corpse Rot               Necr           N/A          1%          2    None
 Poisonous Vapours        Pois/Air       ######       1%          2    None
 Slow                     Hex            ######..     1%          2    None
 Song of Slaying          Chrm           #######.     1%          2    None
 Sticks to Snakes         Tmut           ######..     1%          2    None
 Sublimation of Blood     Necr           #######...   1%          2    None
 Swiftness                Chrm/Air       #######.     1%          2    None
 Ignite Poison            Fire/Tmut/Pois #######.     1%          3    None
 Mephitic Cloud           Conj/Pois/Air  #######.     1%          3    None
 Portal Projectile        Hex/Tloc       ######       1%          3    None
 Recall                   Summ/Tloc      N/A          1%          3    None
 Spectral Weapon          Hex/Chrm       ######..     1%          3    None
 Vampiric Draining        Necr           #######...   1%          3    None
 Airstrike                Air            #######...   1%          4    None
 Animate Dead             Necr           N/A          1%          4    None
 Fulminant Prism          Conj/Hex       ########..   1%          4    None
 Ice Form                 Ice/Tmut       ########     1%          4    None
 Leda's Liquefaction      Hex/Erth       #######...   1%          4    None
 Petrify                  Tmut/Erth      #######.     1%          4    None
 Summon Ice Beast         Ice/Summ       ########     1%          4    None
 Summon Lightning Spire   Summ/Air       ######..     1%          4    None
 Call Canine Familiar     Summ           ######..     2%          3    None
 Confuse                  Hex            ######..     2%          3    None
 Spider Form              Tmut/Pois      ######....   2%          3    None
 Summon Guardian Golem    Hex/Summ       ######..     2%          3    None
 Tukima's Dance           Hex            ######..     2%          3    None
 Olgreb's Toxic Radiance  Pois           ######..     2%          4    None
 Cause Fear               Hex            ######....   9%          4    None
 Bolt of Draining         Conj/Necr      ########..   0%          5    None
 Fireball                 Conj/Fire      ########..   0%          5    None
 Bolt of Cold             Conj/Ice       ########..   0%          6    None
 Bolt of Fire             Conj/Fire      ########..   0%          6    None
 Ozocubu's Refrigeration  Ice            ########..   0%          6    None
 Agony                    Necr           #######.     1%          5    None
 Excruciating Wounds      Chrm/Necr      #######...   1%          5    None
 Irradiate                Conj/Tmut      ########..   1%          5    None
 Iskenderun's Battlesphe  Conj/Chrm      ########     1%          5    None
 Lee's Rapid Deconstruct  Erth           #######...   1%          5    None
 Lightning Bolt           Conj/Air       ########..   1%          5    None
 Metabolic Englaciation   Hex/Ice        ########..   1%          5    None
 Summon Forest            Summ/Tloc      #######...   1%          5    None
 Venom Bolt               Conj/Pois      ########..   1%          5    None
 Conjure Ball Lightning   Conj/Air       ########..   1%          6    None
 Dispersal                Tloc           ########..   1%          6    None
 Freezing Cloud           Conj/Ice/Air   ########..   1%          6    None
 Poison Arrow             Conj/Pois      ########..   1%          6    None
 Simulacrum               Ice/Necr       ########..   1%          6    None
 Ring of Flames           Chrm/Fire      ########..   1%          7    None
 Spellforged Servitor     Conj/Summ      ########..   1%          7    None
 Lehudib's Crystal Spear  Conj/Erth      ########..   1%          8    None
 Death Channel            Necr           #######...   2%          6    None
 Chain Lightning          Conj/Air       ########..   2%          8    None
 Disjunction              Tloc           ########..   3%          8    None
 Silence                  Hex/Air        ######....   5%          5    None
 Yara's Violent Unravell  Hex/Tmut       ######....   7%          5    None
 Statue Form              Tmut/Erth      #######..    17%         6    None
 Malign Gateway           Summ/Tloc      #######...   19%         7    None
 Alistair's Intoxication  Tmut/Pois      ######..     24%         5    None
 Aura of Abjuration       Summ           ######....   24%         5    None
 Blade Hands              Tmut           ######....   24%         5    None
 Summon Demon             Summ           ######....   24%         5    None
 Summon Mana Viper        Hex/Summ       ######..     24%         5    None
 Haunt                    Necr/Summ      #######...   67%         7    None
 Borgnjor's Revivificati  Necr           #######...   67%         8    None
 Infestation              Necr           #######...   67%         8    None
 Darkness                 Hex            ######....   78%         6    None
 Hydra Form               Tmut           ######....   78%         6    None
 Invisibility             Hex            ######..     78%         6    None
 Shadow Creatures         Summ           N/A          78%         6    None
 Death's Door             Chrm/Necr      #######...   86%         8    None
 Shatter                  Erth           #######...   96%         9    None
 Dragon Form              Tmut           ######....   100%        7    None
 Summon Greater Demon     Summ           ######....   100%        7    None
 Summon Hydra             Summ           ######....   100%        7    None
 Discord                  Hex            ######....   100%        8    None
 Necromutation            Tmut/Necr      #######...   100%        8    None
 Summon Horrible Things   Summ           ######....   100%        8    None
 Dragon's Call            Summ           ######....   100%        9    None
 Tornado                  Air            #######...   100%        9    None


Dungeon Overview and Level Annotations

Branches:
Dungeon (15/15)            Temple (1/1) D:6            Lair (6/6) D:11
  Swamp (4/4) Lair:2        Snake (4/4) Lair:4        Slime (5/5) Lair:5
    Orc (2/2) D:9             Elf (3/3) Orc:2        Vaults (5/5) D:14
  Crypt (3/3) Vaults:3       Tomb (0/3) Crypt:3      Depths (5/5) D:15
   Hell (visited)             Dis (7/7) Hell            Geh (0/7) Hell
    Coc (0/7) Hell            Tar (7/7) Hell            Zot (5/5) Depths:5
  IceCv (visited)         Volcano (visited)

Altars:
Ashenzari
Cheibriados
Dithmenos
Elyvilon
Fedhas
Hepliaklqana
Kikubaaqudgha
Makhleb
Nemelex Xobeh
Ru
Sif Muna
Trog
Uskayaw
Vehumet
Yredelemnul
Zin
The Shining One
Beogh
Jiyva

Shops:
D:6 :   D:14 *   D:15 =   Orc:1 !   Orc:2 ::=:[   Elf:2 }==   Elf:3 }(*
Snake:4 *[[(   Vaults:1 :   Depths:3 *(   Depths:4 [

Portals:
Hell: Depths:1 Depths:2 Depths:3 Depths:4 Depths:5
Abyss: Depths:1 Depths:3 Depths:4
Pandemonium: Depths:3 Depths:5
Ziggurat: Depths:5

Annotations:
Vaults:3 Mara


Innate Abilities, Weirdness & Mutations

Shadows flee at your approach. (+LOS)
You can swim through water.
You cover ground slowly.
You can hop long distances.
You have sharp fingernails.
You have very sharp teeth.
Scrolls take you a little longer to read.
You are clumsy. (Dex -2)
You are dopey. (Int -2)
Your flesh is heat resistant. (rF+)
You are frail. (-10% HP)
You are covered in fur. (AC +1)
You do not regenerate when monsters are visible.
You are weak. (Str -2)


Message History

The Hell Sentinel hits your Hell Sentinel!
The Hell Sentinel barely misses your Hell Sentinel.
The Hell Sentinel hits your Hell Sentinel.
You feel much better.
The Hell Sentinel hits your Hell Sentinel but does no damage. x2
Your Hell Sentinel gestures at the Hell Sentinel.
The iron shot hits the Hell Sentinel!!!
The Hell Sentinel hits your Hell Sentinel!
The Hell Sentinel hits your Hell Sentinel but does no damage.
The Hell Sentinel completely misses your Hell Sentinel.
The Hell Sentinel hits your Hell Sentinel but does no damage.
Your Hell Sentinel hits the Hell Sentinel but does no damage.
Your Hell Sentinel hits the Hell Sentinel!
The Hell Sentinel hits your Hell Sentinel!!
Your Hell Sentinel dies!
The Hell Sentinel roars!
The Hell Sentinel roars!
The Hell Sentinel gestures at you.
The sphere of damnation explodes!
The damnation engulfs you!!!
You die...

#################################
......................○..........
..........)....)@....1..°........
#################..##1.##..##....
,,,*,,*,,,+,,,,,###############..
,,,*,,*,,,+,,,,,*,,,,,,,,,,,,,###
,,,*,,*,,,*,,,,,*,,,8,8,,,8,8,* #
,,,*,,*,,,*,,,,,+,,,,,,,,,,,,,***
,,,*++*****,,,,,+,,,,,,,,,,,,,+,,
,,,*,,*,,,*******,,,,,,,,,,,,,+,,
,,,*,,*,,,,,** *,,,,,,,,,,,,,+,,


You could see 2 Hell Sentinels.

Vanquished Creatures
  Cerebov (Pan)
  the Royal Jelly (Slime:5)
  Ignacio (Pan)
  Gloorx Vloq (Pan)
  Ereshkigal (Tar:7)
  Lom Lobon (Pan)
  A seraph (Pan)
  Mnoleg (Pan)
  3 ancient liches (Zot:5)
  Mennas (Vaults:2)
  3 orbs of fire (Zot:5)
  A juggernaut (Depths:5)
  Boris (thrice) (Vaults:3 Vaults:4 Depths:1)
  Bai Suzhen (Elf:3)
  Saint Roka (Snake:2)
  4 Killer Klowns
  Frederick (Depths:5)
  4 pandemonium lords (Pan)
  Geryon (Hell)
  Xtahua (Depths:5)
  3 caustic shrikes
  12 golden dragons
  Jory (Vaults:4)
  2 pearl dragons (Pan)
  2 profane servitors
  35 bone dragons
  the Enchantress (Depths:4)
  23 doom hounds
  83 Tzitzimimeh
  7 iron giants
  4 Brimstone Fiends
  4 electric golems
  24 Orb Guardians (Zot:5)
  Rupert (Orc:2)
  17 tentacled monstrosities
  9 Ice Fiends (Pan)
  4 Hell Sentinels
  3 titans
  13 liches
  4 deep elf blademasters
  4 quicksilver dragons
  34 acid blobs
  A deep elf master archer (Elf:3)
  32 Executioners
  14 death cobs
  3 eldritch tentacles
  7 sphinxes
  Gastronok (D:12)
  17 ancient champions
  18 shadow dragons
  Donald (Vaults:3)
  16 tentacled starspawn
  4 draconian monks
  14 storm dragons
  10 nagarajas
  2 thorn hunters
  An azure jelly (shapeshifter) (Zot:2)
  3 tengu reavers (Vaults:5)
  19 daevas (Pan)
  A revenant (Crypt:3)
  15 fire giants
  10 azure jellies
  2 ghost moths
  10 draconian scorchers
  14 frost giants
  14 draconian knights
  A ghost moth (shapeshifter) (Vaults:5)
  6 iron dragons
  25 cacodemons
  Louise (Depths:1)
  33 balrugs
  7 warmongers (Pan)
  6 draconian stormcallers
  9 draconian shifters
  22 vault wardens
  19 ironheart preservers
  13 deep elf sorcerers
  90 reapers
  37 angels (Pan)
  6 deep elf elementalists
  A ghoul (Crypt:3)
  5 curse skulls
  4 spriggan defenders
  7 draconian annihilators
  Aizul (Vaults:2)
  37 very ugly things
  14 stone giants
  2 entropy weavers
  38 apis (Pan)
  23 ophanim
  22 war gargoyles
  10 vampire knights
  11 green draconians
  7 corrupters (Pan)
  4 blood saints (Pan)
  Nessos (D:12)
  18 purple draconians
  6 deep elf demonologists
  8 deep elf annihilators
  23 lorocyprocas
  12 black draconians
  7 black suns (Pan)
  A dire elephant (Depths:4)
  11 white draconians
  5 spark wasps
  14 red draconians
  6 yellow draconians
  A crystal guardian (Zot:2)
  Snorg (Lair:5)
  35 blizzard demons
  21 ettins
  5 eidola
  11 deep elf death magi
  2 deep elf high priests
  23 jiangshi
  9 death oozes
  107 slime creatures
  Josephine (D:12)
  A spectral kraken (Tar:7)
  19 great orbs of eyes
  4 quicksilver dragon skeletons
  19 yaktaur captains
  11 fire dragons
  24 green deaths
  2 hell beasts
  42 vault guards
  Erolcha (D:12)
  12 naga warriors
  16 rakshasas
  17 ice dragons
  3 catoblepae (Lair:6)
  3 shambling mangroves
  9 monstrous demonspawn (Pan)
  15 centaur warriors
  5 ghost crabs
  2 spriggan air magi
  2 juggernaut simulacra (Pan)
  8 anacondas
  29 hydras
  7 alligators
  33 dancing weapons
  9 death knights
  6 deep troll earth magi
  25 ogre magi
  A queen ant (Zot:3)
  7 deep troll shamans
  12 vampire magi
  17 thrashing horrors
  16 hell hogs
  7 titan zombies
  98 two-headed ogres
  7 tengu warriors
  Urug (Lair:6)
  7 death yaks
  12 naga sharpshooters
  3 storm dragon zombies
  3 spriggan berserkers
  62 soul eaters
  23 deep elf knights
  4 shock serpents
  81 sun demons
  A shock serpent (shapeshifter) (Depths:3)
  103 large abominations
  15 shadow wraiths
  A titan skeleton (Hell)
  2 iron golems (Hell)
  55 hell knights
  19 wretched stars
  2 storm dragon skeletons
  7 iron trolls
  6 golden dragon zombies
  21 sixfirhies
  3 salamander mystics
  3 spatial maelstroms
  33 deep trolls
  16 flayed ghosts
  209 skeletal warriors
  8 torturous demonspawn (Pan)
  5 death drakes
  2 obsidian statues
  5 spriggan druids
  6 gelid demonspawn (Pan)
  10 swamp dragons
  35 starcursed masses
  16 unseen horrors
  4 anaconda zombies
  4 wizards
  A swamp dragon (shapeshifter) (Vaults:5)
  23 cherubim (Pan)
  14 deep elf archers
  16 glowing orange brains
  8 infernal demonspawn (Pan)
  2 sea snakes (Snake:4)
  A glowing orange brain (shapeshifter) (Depths:2)
  3 anaconda skeletons
  53 shadow demons
  11 naga ritualists
  A ghost moth zombie (Tar:4)
  A golden dragon skeleton (Tar:7)
  A sphinx zombie (Crypt:2)
  An orange crystal statue (Depths:5)
  5 shadow dragon zombies
  13 ironbrand convokers
  6 wolf spider zombies
  18 mana vipers
  5 iron dragon zombies
  3 lindwurms (Swamp:4)
  16 orc knights
  Pikel (D:4)
  12 necromancers
  An oklob plant (Lair:5)
  A mana viper (shapeshifter) (Depths:3)
  7 harpies
  2 wolf spiders (shapeshifter)
  30 phantasmal warriors
  7 shining eyes
  An orb spider (Zot:2)
  6 stone giant zombies
  16 orc sorcerers
  2 tengu skeletons
  5 wolf spiders
  53 ugly things
  7 frost giant zombies
  5 cyclopes
  65 deep elf magi
  3 shadow dragon skeletons
  11 iron dragon skeletons
  3 worldbinders
  32 moths of wrath
  11 salamanders
  2 guardian serpents (shapeshifter)
  2 apocalypse crabs
  5 stone giant skeletons
  12 elephants (Lair:5)
  3 manticores
  4 fire giant skeletons
  3 frost giant skeletons
  4 fire giant zombies
  4 dire elephant zombies
  7 ice statues
  9 vault sentinels
  47 black mambas
  39 rust devils
  Maurice (D:11)
  13 spectral swamp worms
  7 eyes of devastation
  3 molten gargoyles (Hell)
  4 shock serpent zombies
  Psyche (D:10)
  9 guardian serpents
  42 orange demons
  34 hellions
  54 smoke demons
  2 gargoyles (D:13)
  A storm dragon simulacrum (Hell)
  6 dire elephant skeletons
  30 naga magi
  A shock serpent skeleton (Abyss:1)
  20 spiny frogs
  3 rime drakes
  A rime drake (shapeshifter) (Elf:3)
  31 efreet
  An emperor scorpion zombie (Dis:7)
  A golden dragon simulacrum (Hell)
  A spiny frog (shapeshifter) (Abyss:2)
  4 iron troll zombies (Dis:1)
  73 yaktaurs
  21 ice devils
  8 komodo dragons
  19 demonic crawlers
  50 tormentors
  2 anaconda simulacra
  An entropy weaver simulacrum (Vaults:3)
  43 hellwings
  2 catoblepas skeletons
  2 yaktaur skeletons
  35 freezing wraiths
  A death yak skeleton (Crypt:1)
  8 hydra zombies
  A ghost moth simulacrum (Tar:4)
  5 harpy zombies
  10 ancient zymes
  A yellow draconian skeleton (Crypt:2)
  A merfolk (shapeshifter) (D:13)
  9 silent spectres
  A queen bee (Abyss:4)
  A jumping spider (shapeshifter) (D:15)
  2 polar bears (Lair:4)
  3 meliai (shapeshifter)
  A tengu conjurer (Depths:4)
  4 iron troll skeletons (Dis:1)
  49 red devils
  8 tyrant leeches
  A hornet (shapeshifter) (Vaults:1)
  5 meliai (Abyss:4)
  2 queen bees (shapeshifter)
  11 trolls
  2 harpy skeletons (Tar:2)
  25 hornets
  A meliai zombie (D:15)
  5 bog bodies
  6 fire dragon zombies
  32 raiju
  6 hydra skeletons
  A spectral swamp dragon (Crypt:3)
  8 ettin zombies
  8 hippogriffs
  8 blink frogs
  5 dream sheep
  2 blink frogs (shapeshifter)
  Sigmund (D:3)
  6 ice dragon zombies
  3 alligator skeletons
  7 alligator zombies
  54 ynoxinuls
  9 air elementals
  6 ettin skeletons
  A redback (Vaults:5)
  19 spriggans
  3 fire dragon skeletons
  A tarantella (shapeshifter) (D:14)
  A black mamba zombie (Dis:7)
  129 flying skulls
  3 ice dragon skeletons
  34 wraiths
  A redback (shapeshifter) (Elf:3)
  38 shadows
  9 water elementals
  8 fire elementals
  30 yaks
  3 vampires (Vaults:3)
  12 fire bats
  4 wyverns
  19 chaos spawn
  7 golden eyes
  7 basilisks
  Eustachio (D:6)
  5 black mamba skeletons
  14 hungry ghosts
  A basilisk (shapeshifter) (Abyss:4)
  A golden eye (shapeshifter) (Vaults:5)
  37 neqoxecs
  11 vampire mosquitoes
  7 wargs
  10 spatial vortices
  A swamp worm (shapeshifter) (Elf:1)
  15 swamp worms
  Edmund (D:6)
  A naga (shapeshifter) (Vaults:5)
  2 infernal demonspawn zombies
  An acid dragon (shapeshifter) (Vaults:4)
  21 insubstantial wisps
  An acid dragon (D:11)
  34 nagas
  A merfolk zombie (Tar:2)
  59 hell hounds
  13 water moccasins
  A gelid demonspawn skeleton (Crypt:1)
  2 spiny frog zombies
  A hydra simulacrum (Hell)
  5 floating eyes
  2 spiny frog skeletons
  14 swamp drakes
  27 orc warriors
  10 porcupines
  6 sky beasts
  10 eyes of draining
  A sky beast (shapeshifter) (Vaults:4)
  20 ice beasts
  16 phantoms
  An ettin simulacrum (Vaults:3)
  5 snapping turtle zombies
  4 black bears
  3 manticore zombies
  A hornet zombie (D:14)
  56 ogres
  2 eyes of draining (shapeshifter)
  20 boggarts
  59 necrophages
  8 wolves
  2 manticore skeletons
  42 small abominations
  A torpor snail zombie (Crypt:2)
  3 snapping turtle skeletons
  20 centaurs
  2 swamp dragon skeletons (Tar:3)
  19 crocodiles
  5 big kobolds
  An elf zombie (Dis:6)
  9 earth elementals
  25 bullfrogs
  10 scorpions
  A spiny frog simulacrum (Hell)
  2 wyvern skeletons
  A water moccasin skeleton (D:9)
  85 wights
  7 killer bees (Abyss:4)
  A spriggan skeleton (Tar:7)
  A howler monkey (D:6)
  4 electric eels
  13 crimson imps
  7 lava snakes (Volcano)
  8 hounds
  5 centaur zombies
  5 quasits
  6 human zombies
  15 jellies
  2 bullfrog zombies
  Crazy Yiuf (D:3)
  2 bullfrog skeletons
  5 centaur skeletons
  5 human skeletons
  33 iron imps
  21 orc priests
  42 orc wizards
  A basilisk skeleton (Crypt:2)
  10 iguanas
  Natasha (twice) (D:4)
  8 hell rats (Hell)
  8 worker ants
  A killer bee zombie (D:8)
  A spriggan simulacrum (Tar:7)
  A demigod zombie (Crypt:1)
  2 naga zombies (Dis:1)
  2 ogre zombies
  A dwarf skeleton (Crypt:2)
  A naga skeleton (Pan)
  A hound zombie (D:9)
  A mummy (D:8)
  A howler monkey zombie (D:8)
  2 worker ant zombies
  3 gnolls (D:7)
  18 adders
  A steam dragon skeleton (Crypt:1)
  40 shadow imps
  3 white imps
  7 ufetubi
  2 oozes
  An adder zombie (D:9)
  3 worms
  A worm (shapeshifter) (Depths:5)
  6 ball lightnings (Pan)
  3 dart slugs (D:1)
  5 leopard geckos
  108 orcs
  3 giant cockroaches
  6 goblins
  9 hobgoblins
  16 jackals
  33 kobolds
  2 quokkas
  A bat (D:2)
  5 frilled lizards
  A jackal zombie (D:7)
  A kobold skeleton (Crypt:1)
  A leopard gecko skeleton (Crypt:2)
  An orc skeleton (Pan)
  10 rats
  24 blocks of ice
  2 butterflies
  10 fire vortices
  2 lurking horrors
  9 plants
  15 starspawn tentacles
  A tentacle (Tar:7)
5732 creatures vanquished.

Vanquished Creatures (collateral kills)
  An ancient lich (Vaults:5)
  3 golden dragons
  An electric golem (Zot:2)
  3 tentacled monstrosities
  2 Tzitzimimeh
  An Orb Guardian (Zot:5)
  A titan (Vaults:5)
  2 shadow dragons (Vaults:5)
  2 storm dragons
  A frost giant (Vaults:5)
  3 fire giants
  4 vault wardens (Vaults:5)
  A reaper (Dis:6)
  2 very ugly things (Vaults:5)
  An ironheart preserver (Vaults:5)
  A draconian annihilator (Zot:1)
  2 ophanim (Pan)
  A stone giant (Vaults:5)
  A green draconian (Zot:2)
  2 black draconians (Zot:1)
  A black sun (Pan)
  A yellow draconian (Zot:2)
  A green death (Pan)
  An ettin (Vaults:5)
  A deep elf high priest (Vaults:5)
  A great orb of eyes (Zot:2)
  A vault guard (Vaults:5)
  2 small abominations (Vaults:5)
  A two-headed ogre (Vaults:5)
  A deep troll earth mage (Vaults:5)
  A hell hog (Hell)
  An orc high priest (Orc:1)
  6 skeletal warriors
  A sea snake (shapeshifter) (Vaults:5)
  A deep troll (Vaults:5)
  An ironbrand convoker (Vaults:5)
  A wolf spider zombie (Dis:6)
  An orc knight (Vaults:5)
  3 deep elf magi (Vaults:5)
  2 orc sorcerers (Orc:1)
  A freezing wraith (Dis:7)
  A troll (Orc:1)
  A ynoxinul (Pan)
  2 wargs (Orc:1)
  An insubstantial wisp (Swamp:3)
  3 orc warriors (Orc:1)
  An ogre (Orc:1)
  A wight (Dis:6)
  An orc priest (Orc:1)
  2 orc wizards (Orc:1)
  3 gnolls (Orc:1)
  A shadow imp (Tar:2)
  A white imp (Abyss:1)
  2 orcs (Orc:1)
  2 blocks of ice (Pan)
  4 crawling corpses (Vaults:5)
91 creatures vanquished.

Vanquished Creatures (others)
  A tentacled monstrosity (Vaults:5)
  A death cob (Zot:1)
  2 eldritch tentacles
  A corrupter (Pan)
  A cacodemon (Pan)
  A blizzard demon (Pan)
  A yaktaur captain (Vaults:5)
  A rakshasa (Pan)
  A naga sharpshooter (Snake:3)
  A soul eater (Pan)
  A spriggan druid (Swamp:4)
  A salamander (Snake:2)
  A moth of wrath (Zot:2)
  A ynoxinul (Pan)
  An air elemental (Elf:1)
  2 orc warriors
  An ogre (Vaults:3)
  Natasha (D:4)
  A shadow imp (Tar:3)
  A ball lightning (Pan)
  2 orcs
  A kobold (D:10)
  A kobold simulacrum (Abyss:4)
  240 blocks of ice
  A crawling corpse (Vaults:5)
  205 fire vortices
  7 fungi
  3 lurking horrors
  14 plants
  38 starspawn tentacles
  4 tentacles (Tar:7)
538 creatures vanquished.

Grand Total: 6361 creatures vanquished

Notes
Turn   | Place    | Note
-------+----------+-------------------------------------------
     0 | D:1      | GordonOverkill the Barachi Fire Elementalist began the
                  | quest for the Orb.
     0 | D:1      | Reached XP level 1. HP: 13/13 MP: 3/3
   726 | D:1      | Reached XP level 2. HP: 13/19 MP: 0/5
  1058 | D:1      | Reached XP level 3. HP: 24/24 MP: 3/6
  1090 | D:1      | Learned a level 3 spell: Conjure Flame
  2073 | D:2      | Reached XP level 4. HP: 30/30 MP: 8/8
  2960 | D:3      | Found a burning altar of Makhleb.
  2964 | D:3      | Noticed an Executioner
  2969 | D:3      | Noticed a smoke demon
  2969 | D:3      | Noticed a smoke demon
  3148 | D:3      | Found a runed translucent door.
  3149 | D:3      | Noticed Crazy Yiuf
  3324 | D:3      | Learned a level 4 spell: Sticky Flame
  3336 | D:3      | Noticed Sigmund
  3350 | D:3      | Killed Sigmund
  3350 | D:3      | Reached skill level 1 in Shields
  3350 | D:3      | Reached XP level 5. HP: 27/35 MP: 1/10
  3350 | D:3      | Reached XP level 6. HP: 31/41 MP: 1/11
  3628 | D:3      | Found a glowing golden altar of the Shining One.
  3628 | D:3      | Found a white marble altar of Elyvilon.
  3629 | D:3      | Found a glowing silver altar of Zin.
  3790 | D:3      | Killed Crazy Yiuf
  4139 | D:4      | Reached skill level 5 in Fire Magic
  4149 | D:4      | Reached XP level 7. HP: 36/46 MP: 7/13
  4293 | D:4      | Noticed Natasha
  4306 | D:4      | Killed Natasha
  4310 | D:4      | Noticed Natasha
  4330 | D:4      | Killed Natasha
  4579 | D:4      | Noticed Pikel
  4582 | D:4      | Found a blossoming altar of Fedhas.
  4587 | D:4      | Killed Pikel
  4587 | D:4      | Reached skill level 5 in Shields
  4587 | D:4      | Reached skill level 5 in Conjurations
  4587 | D:4      | Reached XP level 8. HP: 26/52 MP: 6/14
  5043 | D:4      | Killed Natasha
  5082 | D:4      | Reached skill level 1 in Fighting
  5255 | D:5      | Entered Level 5 of the Dungeon
  5355 | D:5      | Found a shadowy altar of Dithmenos.
  6474 | D:6      | Noticed Edmund
  6484 | D:6      | Killed Edmund
  6631 | D:6      | Noticed a troll
  6661 | D:6      | Killed a troll
  6661 | D:6      | Reached skill level 5 in Fighting
  6786 | D:6      | Reached skill level 1 in Armour
  6815 | D:6      | Reached XP level 9. HP: 69/69 MP: 9/15
  6938 | D:6      | Found a burning altar of Makhleb.
  7257 | D:6      | Found a staircase to the Ecumenical Temple.
  7271 | Temple   | Entered the Ecumenical Temple
  7277 | Temple   | Became a worshipper of Sif Muna the Loreminder
  7348 | D:6      | Noticed Eustachio
  7461 | D:6      | Killed Eustachio
  7461 | D:6      | Reached skill level 1 in Invocations
  7552 | D:6      | Found Habif's Book Boutique.
  8060 | D:7      | Reached skill level 5 in Armour
  8191 | D:7      | Got an ichor-stained rapier
  8192 | D:7      | Identified the +2 rapier of Winter {pierce, +Blink rElec
                  | MR++ Int-2} (You found it on level 7 of the Dungeon)
  8702 | D:7      | Reached * piety under Sif Muna
  9234 | D:7      | Found a hazy altar of Hepliaklqana.
  9504 | D:8      | Found a snail-covered altar of Cheibriados.
  9632 | D:8      | Reached XP level 10. HP: 69/76 MP: 10/16
  9922 | D:8      | Found a roughly hewn altar of Beogh.
 10337 | D:8      | Reached ** piety under Sif Muna
 10426 | D:8      | Learned a level 5 spell: Fireball
 11273 | D:8      | Found an ancient bone altar of Kikubaaqudgha.
 11532 | D:8      | Reached skill level 5 in Invocations
 11603 | D:8      | Reached skill level 5 in Spellcasting
 12443 | D:9      | Found a staircase to the Orcish Mines.
 12845 | D:9      | Reached XP level 11. HP: 43/81 MP: 1/20
 13203 | D:9      | Reached *** piety under Sif Muna
 13476 | D:10     | Entered Level 10 of the Dungeon
 13479 | D:10     | Noticed Psyche
 13675 | D:10     | Killed Psyche
 13675 | D:10     | Reached skill level 1 in Evocations
 13969 | D:10     | Noticed a two-headed ogre
 13970 | D:10     | Noticed a centaur warrior
 14007 | D:10     | Killed a two-headed ogre
 14014 | D:10     | Killed a centaur warrior
 14554 | D:10     | Noticed an ogre mage
 14562 | D:10     | Killed an ogre mage
 14562 | D:10     | Reached skill level 10 in Armour
 14884 | D:10     | Noticed an unseen horror
 14886 | D:10     | Killed an unseen horror
 15195 | D:10     | Noticed a centaur warrior
 15217 | D:10     | Killed a centaur warrior
 15347 | D:10     | Noticed a two-headed ogre
 15362 | D:10     | Killed a two-headed ogre
 15362 | D:10     | Reached **** piety under Sif Muna
 15704 | D:10     | Reached XP level 12. HP: 91/91 MP: 17/24
 16351 | D:11     | Found a staircase to the Lair.
 16640 | D:11     | Learned a level 5 spell: Bolt of Magma
 17109 | D:11     | Noticed Maurice
 17127 | D:11     | Killed Maurice
 17127 | D:11     | Reached skill level 1 in Earth Magic
 17327 | D:11     | Reached ***** piety under Sif Muna
 17585 | D:11     | Identified a scroll of acquirement
 17632 | Lair:1   | Entered Level 1 of the Lair of Beasts
 17664 | Lair:1   | Found a frozen archway.
 17781 | IceCv    | Entered an ice cave
 17789 | IceCv    | Identified Sif Muna's Early Guide to Spellweaving (Sif Muna
                  | gifted it to you in an ice cave)
 17789 | IceCv    | Received a gift from Sif Muna
 18432 | IceCv    | Noticed an ice dragon
 18560 | IceCv    | Noticed an ice dragon
 18575 | IceCv    | Killed an ice dragon
 18703 | IceCv    | Killed an ice dragon
 18815 | IceCv    | Got a sparkling granite ring
 18823 | IceCv    | Got a flickering bone ring
 18832 | IceCv    | Identified the ring "Ketuzuh" {rPois MR+ MP+9 Str+2 Int+4}
                  | (You found it in an ice cave)
 18834 | IceCv    | Identified the ring of Winter {Fire rN+ Str+3 Dex+6} (You
                  | found it in an ice cave)
 19348 | Lair:1   | Reached skill level 10 in Conjurations
 19618 | Lair:1   | Reached skill level 10 in Fire Magic
 20126 | Lair:1   | Gained mutation: You can hop long distances. [Barachi
                  | growth]
 20126 | Lair:1   | Reached XP level 13. HP: 90/96 MP: 23/25
 20735 | Lair:1   | Reached skill level 5 in Earth Magic
 21705 | Lair:2   | Found a staircase to the Swamp.
 22244 | Lair:3   | You fall into a shaft and drop 3 floors!
 22244 | Lair:6   | Entered Level 6 of the Lair of Beasts
 22547 | Lair:6   | Found a dark tunnel.
 22550 | Volcano  | Entered a volcano
 22710 | Volcano  | Reached skill level 15 in Armour
 23119 | Volcano  | Found a burning altar of Makhleb.
 23149 | Volcano  | Reached skill level 10 in Spellcasting
 23257 | Volcano  | Gained mutation: You are weak. (Str -2) [a neqoxec]
 24012 | Lair:6   | Noticed Urug
 24020 | Lair:6   | Killed Urug
 24097 | Lair:6   | Got a polished morningstar
 24098 | Lair:6   | Identified the +3 morningstar of Irrepressible Laughter
                  | {holy, Dex+3} (You found it on level 6 of the Lair of
                  | Beasts)
 24313 | Lair:6   | Reached XP level 14. HP: 66/104 MP: 21/28
 25907 | Lair:4   | Found a staircase to the Snake Pit.
 26758 | Lair:3   | Reached skill level 10 in Fighting
 27140 | Lair:3   | Identified Sif Muna's Handbook of Unholy Rites and Creation
                  | (Sif Muna gifted it to you on level 3 of the Lair of
                  | Beasts)
 27140 | Lair:3   | Received a gift from Sif Muna
 27193 | Lair:3   | Learned a level 5 spell: Borgnjor's Vile Clutch
 27612 | Lair:5   | Noticed Snorg
 27623 | Lair:5   | Killed Snorg
 27864 | Lair:5   | Reached skill level 1 in Necromancy
 29184 | Lair:5   | Found a runed translucent door.
 29184 | Lair:5   | Found a viscous altar of Jiyva.
 29389 | Lair:5   | Found a staircase to the Slime Pits.
 31394 | D:12     | Noticed Erolcha
 31412 | D:12     | Killed Erolcha
 31640 | D:12     | Reached XP level 15. HP: 81/118 MP: 29/29
 31975 | D:12     | Received a gift from Sif Muna
 31998 | D:12     | Learned a level 5 spell: Dispel Undead
 32003 | D:12     | Noticed Nessos
 32012 | D:12     | Killed Nessos
 32314 | D:12     | Noticed Josephine
 32319 | D:12     | Killed Josephine
 32964 | D:12     | Noticed Gastronok
 32980 | D:12     | Killed Gastronok
 33183 | D:12     | Found a snail-covered altar of Cheibriados.
 33544 | D:13     | Reached skill level 5 in Necromancy
 35337 | D:14     | Learned a level 6 spell: Iron Shot
 35363 | D:14     | Found Ymmatoeb's Profane Products.
 35374 | D:14     | Found a burning altar of Makhleb.
 35612 | D:14     | Found a gate to the Vaults.
 36211 | D:14     | Identified Rilutei's Catalogue of Battle Magic (Sif Muna
                  | gifted it to you on level 14 of the Dungeon)
 36211 | D:14     | Received a gift from Sif Muna
 36735 | D:15     | Entered Level 15 of the Dungeon
 37013 | D:15     | Reached XP level 16. HP: 103/125 MP: 32/32
 37182 | D:15     | Got a slimy trident
 37183 | D:15     | Identified the +10 trident of Obluh {chaos, rF+ rC+ Int+2}
                  | (You found it on level 15 of the Dungeon)
 38454 | D:15     | Found Nuiheczuaki's Jewellery Shop.
 38823 | D:15     | Found a staircase to the Depths.
 39482 | Orc:1    | Entered Level 1 of the Orcish Mines
 39585 | Orc:1    | Found Vecs's Distillery.
 39820 | Orc:2    | Entered Level 2 of the Orcish Mines
 40297 | Orc:2    | Found Uqippoc's Book Shoppe.
 40297 | Orc:2    | Found Toupsuh's Armour Boutique.
 40600 | Orc:2    | Reached skill level 10 in Invocations
 40609 | Orc:2    | Found a roughly hewn altar of Beogh.
 40610 | Orc:2    | Noticed Rupert
 40622 | Orc:2    | Killed Rupert
 40636 | Orc:2    | Found a staircase to the Elven Halls.
 40988 | Orc:2    | Received a gift from Sif Muna
 41522 | Orc:2    | Found Ofauto's Book Emporium.
 41832 | Orc:2    | Found Duem's Book Shoppe.
 41832 | Orc:2    | Found Lieqell's Jewellery Boutique.
 41837 | Orc:2    | Bought a manual of Spellcasting for 1766 gold pieces
 42007 | Orc:2    | Bought the ring of Halu Lod {rN++ Str+4 Slay+2} for 687
                  | gold pieces
 42043 | Orc:2    | Bought the +3 buckler "Xaqukuah" {+Inv} for 402 gold pieces
 42249 | Swamp:1  | Entered Level 1 of the Swamp
 42766 | Swamp:1  | Reached skill level 5 in Dodging
 43771 | Swamp:2  | Reached XP level 17. HP: 25/133 MP: 34/34
 46057 | Swamp:2  | Identified Sif Muna's Guide on Confrontation and the
                  | Mountains (Sif Muna gifted it to you on level 2 of the
                  | Swamp)
 46057 | Swamp:2  | Received a gift from Sif Muna
 46236 | Swamp:3  | Reached skill level 15 in Spellcasting
 47560 | Swamp:4  | Entered Level 4 of the Swamp
 48364 | Swamp:4  | Reached skill level 15 in Fighting
 49634 | Swamp:4  | Got a decaying rune of Zot
 50120 | Orc:2    | Bought a +2 scale mail of fire resistance for 252 gold
                  | pieces
 50359 | Snake:1  | Entered Level 1 of the Snake Pit
 50602 | Snake:1  | Identified Sif Muna's Papyrus of the Hurtful Birds (Sif
                  | Muna gifted it to you on level 1 of the Snake Pit)
 50602 | Snake:1  | Received a gift from Sif Muna
 50690 | Snake:1  | Reached XP level 18. HP: 149/149 MP: 37/37
 51071 | Snake:1  | Found a white marble altar of Elyvilon.
 51230 | Snake:1  | Reached skill level 1 in Polearms
 52452 | Snake:2  | Noticed Saint Roka
 52854 | Snake:2  | Reached skill level 10 in Earth Magic
 53076 | Snake:2  | Killed Saint Roka
 53076 | Snake:2  | Reached skill level 5 in Polearms
 54276 | Snake:3  | Identified Wummykhedun's Collected Works on Dark Rituals
                  | (Sif Muna gifted it to you on level 3 of the Snake Pit)
 54276 | Snake:3  | Received a gift from Sif Muna
 55919 | Snake:4  | Entered Level 4 of the Snake Pit
 55926 | Snake:4  | Found Nyxirit's Antique Weapon Emporium.
 56288 | Snake:4  | Found Heugrual's Armour Boutique.
 56296 | Snake:4  | Bought a +2 pair of boots of flying for 387 gold pieces
 56576 | Snake:4  | Reached XP level 19. HP: 155/155 MP: 39/40
 56837 | Snake:4  | Found Zogokh's Antique Armour Shop.
 56854 | Snake:4  | Found Ziogh's Assorted Antiques.
 57986 | Snake:4  | Reached skill level 10 in Polearms
 58445 | Snake:4  | Identified Sif Muna's Guide on Black Secrets (Sif Muna
                  | gifted it to you on level 4 of the Snake Pit)
 58445 | Snake:4  | Received a gift from Sif Muna
 59992 | Snake:4  | Got a serpentine rune of Zot
 60205 | Snake:4  | Bought a heavily runed leather armour for 294 gold pieces
 60206 | Snake:4  | Identified the +2 leather armour of the Thoughtful Spirits
                  | {Str+2} (You bought it in a shop on level 4 of the Snake
                  | Pit)
 60465 | Elf:1    | Entered Level 1 of the Elven Halls
 62347 | Elf:2    | Found Liadwutzo's Jewellery Boutique.
 62348 | Elf:2    | Found Iffai's Gadget Emporium.
 62349 | Elf:2    | Found Lup Abidd's Jewellery Boutique.
 62387 | Elf:2    | Reached skill level 10 in Necromancy
 63295 | Elf:2    | Found a gateway to a bazaar.
 63442 | Elf:2    | Found a huge runed translucent gate.
 63442 | Elf:2    | Found a huge runed translucent gate.
 63442 | Elf:2    | Found a huge runed translucent gate.
 63443 | Elf:2    | Found a huge runed translucent gate.
 63445 | Elf:2    | Found a huge runed translucent gate.
 63561 | Elf:2    | Reached XP level 20. HP: 144/161 MP: 32/42
 63797 | Elf:2    | Identified Sif Muna's Disquisition on Assistive Hexes (Sif
                  | Muna gifted it to you on level 2 of the Elven Halls)
 63797 | Elf:2    | Received a gift from Sif Muna
 64468 | Elf:3    | Entered Level 3 of the Elven Halls
 64888 | Elf:3    | Identified the ring "Fokonit" {rElec rF- rC++ rN+}
 65237 | Elf:3    | Identified the amulet "Loitun" {Acrobat rC+ Int+2}
 66194 | Elf:3    | Noticed a Tzitzimitl
 66895 | Elf:3    | Found Maatsox's Gadget Emporium.
 66897 | Elf:3    | Found Zydotry's Weapon Shoppe.
 66899 | Elf:3    | Found Xoluett's Assorted Antiques.
 67456 | Elf:3    | Noticed Bai Suzhen
 67465 | Elf:3    | Killed Bai Suzhen
 68018 | Elf:3    | Identified the cursed ring "Fustreoz" {rC+ Dex-2}
 68181 | Elf:3    | Identified the ring of Mysticism {Int+3 Dex+3}
 68709 | Vaults:1 | Entered Level 1 of the Vaults
 68986 | Vaults:1 | Reached XP level 21. HP: 177/177 MP: 43/43
 69077 | Vaults:1 | Found Buaneo's Book Boutique.
 69410 | Snake:4  | Bought a pair of faintly glowing gloves for 399 gold pieces
 69410 | Snake:4  | Bought a pair of faintly glowing boots for 399 gold pieces
 69411 | Snake:4  | Identified the +0 pair of gloves of the Moneychanger {rElec
                  | SInv} (You bought it in a shop on level 4 of the Snake Pit)
 69427 | Snake:4  | Identified the cursed +0 pair of boots "Owagisyh" {rElec
                  | rN+++ MP-9 Dex-3} (You bought it in a shop on level 4 of
                  | the Snake Pit)
 70344 | Vaults:1 | Got a slimy shield
 70345 | Vaults:1 | Identified the +4 shield of the Valley of Death {Str+3
                  | Int+7} (You found it on level 1 of the Vaults)
 71137 | Vaults:1 | Identified Hurepn's Almanac of Attacks and Companions (Sif
                  | Muna gifted it to you on level 1 of the Vaults)
 71137 | Vaults:1 | Received a gift from Sif Muna
 71408 | Vaults:1 | You are sucked into a shaft and drop 1 floor!
 71950 | Vaults:2 | Learned a level 6 spell: Deflect Missiles
 71960 | Vaults:2 | Noticed Aizul
 71965 | Vaults:2 | Killed Aizul
 72521 | Vaults:2 | Noticed Mennas
 72540 | Vaults:2 | Killed Mennas
 73112 | Vaults:2 | Identified Sif Muna's Almanac of Confrontation and the
                  | Snowflakes (Sif Muna gifted it to you on level 2 of the
                  | Vaults)
 73112 | Vaults:2 | Received a gift from Sif Muna
 74092 | Vaults:1 | Reached skill level 10 in Shields
 74825 | Vaults:2 | Reached XP level 22. HP: 187/187 MP: 45/45
 75726 | Vaults:3 | Noticed Donald
 75730 | Vaults:3 | Reached skill level 1 in Charms
 75730 | Vaults:3 | Reached skill level 1 in Air Magic
 75732 | Vaults:3 | Killed Donald
 75839 | Vaults:3 | Noticed Boris
 75844 | Vaults:3 | Killed Boris
 76308 | Vaults:3 | Noticed Mara
 76309 | Vaults:3 | Noticed GordonOverkill's illusion
 76548 | Vaults:3 | Reached skill level 5 in Charms
 76548 | Vaults:3 | Reached skill level 5 in Air Magic
 76959 | Vaults:3 | Identified Soull's Catalogue of Shape Shifting and Blows
                  | and Bruises (Sif Muna gifted it to you on level 3 of the
                  | Vaults)
 76959 | Vaults:3 | Received a gift from Sif Muna
 77329 | Vaults:3 | Got a scintillating ivory ring
 77330 | Vaults:3 | Identified the ring "Obruth" {*Slow rF+ Str+4 Int+8 Dex+4}
                  | (You acquired it on level 3 of the Vaults)
 77334 | Vaults:3 | Got a wavering wooden ring
 77335 | Vaults:3 | Identified the ring of Atokoim {+Fly rC+ MP+9} (You
                  | acquired it on level 3 of the Vaults)
 78586 | Vaults:3 | Found a staircase to the Crypt.
 79354 | Vaults:4 | Identified the +2 shortbow of the Extremes {flame, rElec
                  | rC+ Str+5 Int+2}
 79372 | Vaults:4 | Noticed Boris
 79392 | Vaults:4 | Killed Boris
 79598 | Vaults:4 | Reached XP level 23. HP: 194/194 MP: 36/46
 79924 | Vaults:4 | Identified Sif Muna's Papyrus of the Rocks and Feathers
                  | (Sif Muna gifted it to you on level 4 of the Vaults)
 79924 | Vaults:4 | Received a gift from Sif Muna
 80003 | Vaults:4 | Reached skill level 15 in Shields
 80080 | Vaults:4 | Noticed Jory
 80088 | Vaults:4 | Killed Jory
 81085 | Vaults:4 | Identified the +6 battleaxe "Goblin's Doom" {chop, rPois
                  | MR++}
 82299 | Vaults:4 | Identified Pamareq's Incunabulum of Ghastly Fire (Sif Muna
                  | gifted it to you on level 4 of the Vaults)
 82299 | Vaults:4 | Received a gift from Sif Muna
 82524 | Vaults:4 | Learned a level 2 spell: Passwall
 82528 | Vaults:4 | Learned a level 3 spell: Regeneration
 82537 | Vaults:4 | Learned a level 8 spell: Ignition
 82651 | Crypt:1  | Entered Level 1 of the Crypt
 83221 | Crypt:1  | Found an ancient bone altar of Kikubaaqudgha.
 84512 | Crypt:2  | Reached skill level 15 in Fire Magic
 85427 | Crypt:3  | Entered Level 3 of the Crypt
 85638 | Crypt:3  | Reached XP level 24. HP: 201/201 MP: 46/46
 85655 | Crypt:3  | Identified Sif Muna's Catalogue of the Heron (Sif Muna
                  | gifted it to you on level 3 of the Crypt)
 85655 | Crypt:3  | Received a gift from Sif Muna
 86020 | Crypt:3  | Found a basalt altar of Yredelemnul.
 86063 | Crypt:3  | Reached skill level 5 in Evocations
 87355 | Crypt:3  | Found the +7 great mace "Undeadhunter" {disrupt, rN+}
 87596 | Crypt:3  | Found a staircase to the Tomb.
 87682 | Crypt:3  | Got a fine granite ring
 87684 | Crypt:3  | Identified the ring of Veocve {rF- rC- Str+4 Int+6 Dex+6}
                  | (You found it on level 3 of the Crypt)
 87731 | Crypt:3  | Received a gift from Sif Muna
 88756 | Bazaar   | Entered a bazaar
 88768 | Bazaar   | Found Nalucvaent's Armour Emporium.
 88769 | Bazaar   | Found Tilioxon's Assorted Antiques.
 88804 | Bazaar   | Found Qema's Weapon Shoppe.
 88805 | Bazaar   | Found Ukatz's Antique Weapon Shoppe.
 88844 | Bazaar   | Bought the +12 chain mail "Dybraet" {rC+ MR+} for 756 gold
                  | pieces
 88857 | Bazaar   | Bought a potion of might for 64 gold pieces
 88857 | Bazaar   | Bought a potion of haste for 160 gold pieces
 88857 | Bazaar   | Bought a potion of invisibility for 128 gold pieces
 88857 | Bazaar   | Bought a scroll of teleportation for 48 gold pieces
 88857 | Bazaar   | Bought a potion of curing for 48 gold pieces
 88857 | Bazaar   | Bought a crystal ball of energy for 320 gold pieces
 89118 | Depths:1 | Entered Level 1 of the Depths
 89512 | Depths:1 | Found a gateway to Hell.
 90018 | Depths:1 | Identified the +5 scimitar of Honour {slice, Dex+4}
 90645 | Depths:1 | Noticed Louise
 90647 | Depths:1 | Noticed Boris
 90670 | Depths:1 | Killed Boris
 90673 | Depths:1 | Killed Louise
 91028 | Depths:1 | Got a steaming cloak
 91029 | Depths:1 | Identified the +5 cloak "Qosau" {rF++ Str+4 Stlth+} (You
                  | found it on level 1 of the Depths)
 91057 | Depths:1 | Found a one-way gate to the infinite horrors of the Abyss.
 91475 | Depths:1 | Identified Sif Muna's Disquisition on Evil Companions (Sif
                  | Muna gifted it to you on level 1 of the Depths)
 91475 | Depths:1 | Received a gift from Sif Muna
 91475 | Depths:1 | Reached XP level 25. HP: 201/207 MP: 46/46
 92815 | Depths:2 | Identified Nuiffid's Almanac of Moulding and Enchantment
 93668 | Depths:3 | Found Ossikh's Food Shop.
 93675 | Depths:3 | Found Kaasyacw's Weapon Shop.
 93676 | Depths:3 | Found Cyoto's Assorted Antiques.
 93686 | Depths:3 | Found Tocze's Food Shop.
 93841 | Depths:3 | Bought a ration for 55 gold pieces
 93841 | Depths:3 | Bought a ration for 55 gold pieces
 93841 | Depths:3 | Bought a ration for 55 gold pieces
 93841 | Depths:3 | Bought a ration for 55 gold pieces
 93841 | Depths:3 | Bought a ration for 55 gold pieces
 93841 | Depths:3 | Bought a ration for 55 gold pieces
 93841 | Depths:3 | Bought a ration for 55 gold pieces
 93841 | Depths:3 | Bought a ration for 55 gold pieces
 93841 | Depths:3 | Bought a ration for 55 gold pieces
 93841 | Depths:3 | Bought a ration for 55 gold pieces
 93841 | Depths:3 | Bought a ration for 55 gold pieces
 93841 | Depths:3 | Bought a ration for 55 gold pieces
 93849 | Depths:3 | Bought a ration for 60 gold pieces
 93849 | Depths:3 | Bought a ration for 60 gold pieces
 93849 | Depths:3 | Bought a ration for 60 gold pieces
 93849 | Depths:3 | Bought a ration for 60 gold pieces
 93849 | Depths:3 | Bought a ration for 60 gold pieces
 93849 | Depths:3 | Bought a ration for 60 gold pieces
 93849 | Depths:3 | Bought a ration for 60 gold pieces
 93849 | Depths:3 | Bought a ration for 60 gold pieces
 94154 | Depths:3 | Identified Sif Muna's Compendium of Freezing Translocation
                  | (Sif Muna gifted it to you on level 3 of the Depths)
 94154 | Depths:3 | Received a gift from Sif Muna
 94483 | Depths:3 | Identified Sif Muna's Guide on Flames
 95285 | Depths:3 | Found a one-way gate leading to the halls of Pandemonium.
 96384 | Depths:4 | Identified the cursed +5 giant club of the Lonely Suns
                  | {venom, Int+2}
 96384 | Depths:4 | Identified the cursed +10 giant club of the Ship {elec,
                  | Dex+4}
 96405 | Depths:4 | Noticed the Enchantress
 96547 | Depths:4 | Killed the Enchantress
 96548 | Depths:4 | Found a radiant altar of Vehumet.
 96636 | Depths:4 | Found Bampafuk's Armour Boutique.
 96638 | Depths:4 | Found a snail-covered altar of Cheibriados.
 96659 | Depths:4 | Reached XP level 26. HP: 217/217 MP: 28/46
 96776 | Depths:4 | Identified Sif Muna's Tome of Pessimism (Sif Muna gifted it
                  | to you on level 4 of the Depths)
 96776 | Depths:4 | Received a gift from Sif Muna
 97986 | Depths:4 | Received a gift from Sif Muna
 98271 | Depths:4 | Identified the Catalogue of Assistive Damage Dealing
 98655 | Depths:5 | Entered Level 5 of the Depths
 98729 | Depths:5 | Noticed Frederick
 98737 | Depths:5 | Killed Frederick
 98954 | Depths:5 | Found a gateway to a ziggurat.
100171 | Depths:5 | Noticed a juggernaut
100177 | Depths:5 | Killed a juggernaut
100888 | Depths:5 | Noticed Xtahua
100893 | Depths:5 | Killed Xtahua
100893 | Depths:5 | Reached XP level 27. HP: 224/224 MP: 47/47
101133 | Depths:5 | Found a gate to the Realm of Zot.
101215 | Depths:5 | Identified Sif Muna's Volume of the Ashen Traveller (Sif
                  | Muna gifted it to you on level 5 of the Depths)
101215 | Depths:5 | Received a gift from Sif Muna
101778 | Vaults:4 | Learned a level 6 spell: Death Channel
101780 | Vaults:5 | Entered Level 5 of the Vaults
101781 | Vaults:5 | Reached skill level 10 in Dodging
101984 | Vaults:5 | Received a gift from Sif Muna
101986 | Vaults:5 | Noticed an ancient lich
102000 | Vaults:5 | Killed an ancient lich
102470 | Vaults:5 | Identified the +8 great mace of the Special Coins {freeze,
                  | +Inv rF- Str+4 Int+2}
102503 | Vaults:5 | Identified the +10 longbow of Guile {velocity, Fragile
                  | +Blink rN+ MR++}
103315 | Vaults:5 | Identified the ring of Qiat {rN+++ rCorr Stlth+}
103548 | Vaults:5 | Got a silver rune of Zot
103561 | Vaults:5 | Got a smoking cloak
103562 | Vaults:5 | Identified the +2 cloak "Xyusch" {rPois} (You found it on
                  | level 5 of the Vaults)
103918 | Vaults:5 | Identified the +6 spear of the Tent {drain, rN++}
103918 | Vaults:5 | Identified the ring of Pyromania {Ice Dex+2}
103964 | Vaults:5 | Identified the ring "Bemes" {-Tele Str+3 Int+3 Stlth+}
104521 | Vaults:5 | Received a gift from Sif Muna
104667 | Vaults:5 | Learned a level 9 spell: Fire Storm
104669 | Vaults:5 | Got a bloodstained ring mail
104670 | Vaults:5 | Identified the cursed +1 ring mail "Buovvull" {*Contam
                  | rElec Int+6} (You found it on level 5 of the Vaults)
105041 | Slime:1  | Entered Level 1 of the Pits of Slime
106903 | Slime:4  | Gained mutation: You have a pair of small horns on your
                  | head. [a shining eye]
106904 | Slime:4  | Gained mutation: You do not regenerate when monsters are
                  | visible. [a shining eye]
106907 | Slime:4  | Identified Sif Muna's Volume of Earth and Summoning (Sif
                  | Muna gifted it to you on level 4 of the Pits of Slime)
106907 | Slime:4  | Received a gift from Sif Muna
107348 | Slime:4  | Found a viscous altar of Jiyva.
108158 | Slime:2  | Paralysed by a floating eye for 2 turns
108381 | Slime:5  | Entered Level 5 of the Pits of Slime
108676 | Slime:5  | Noticed the Royal Jelly
108682 | Slime:5  | Killed the Royal Jelly
109336 | Slime:5  | Found the +4 dagger "Morg" {pain, MR+ Int+5}
109340 | Slime:5  | Found the brooch of Shielding {Reflect SH+8}
109367 | Slime:5  | Got an ancient flail
109368 | Slime:5  | Identified the cursed +0 flail "Bami" {protect, Str+2
                  | Dex+7} (You found it on level 5 of the Pits of Slime)
109397 | Slime:5  | Got a slimy rune of Zot
109438 | Slime:5  | Identified the Compendium of Black Rituals and Venom
109465 | Slime:5  | Identified the Collected Works on Enhancements and
                  | Transformation
109872 | Lair:4   | Lost mutation: You do not regenerate when monsters are
                  | visible. [potion of mutation]
109872 | Lair:4   | Lost mutation: You are weak. (Str -2) [potion of mutation]
109872 | Lair:4   | Gained mutation: Your magical capacity is low. (-10% MP)
                  | [potion of mutation]
109872 | Lair:4   | Gained mutation: Your spells are a little easier to cast,
                  | but a little less powerful. [potion of mutation]
109872 | Lair:4   | Gained mutation: You are somewhat resistant to further
                  | mutation. [potion of mutation]
109873 | Lair:4   | Lost mutation: Your magical capacity is low. (-10% MP)
                  | [potion of mutation]
109873 | Lair:4   | Lost mutation: You are somewhat resistant to further
                  | mutation. [potion of mutation]
109873 | Lair:4   | Lost mutation: You have a pair of small horns on your head.
                  | [potion of mutation]
109873 | Lair:4   | Gained mutation: You are partially covered in yellow
                  | scales. (AC +2) [potion of mutation]
109873 | Lair:4   | Lost mutation: Your spells are a little easier to cast, but
                  | a little less powerful. [potion of mutation]
109873 | Lair:4   | Gained mutation: You have very sharp teeth. [potion of
                  | mutation]
109887 | Lair:4   | Learned a level 2 spell: Blink
109902 | Lair:4   | Learned a level 7 spell: Orb of Destruction
110257 | Zot:1    | Entered Level 1 of the Realm of Zot
110287 | Zot:1    | Received a gift from Sif Muna
110980 | Zot:1    | Learned a level 1 spell: Apportation
111516 | Zot:2    | Reached skill level 27 in Fire Magic
111923 | Zot:2    | Identified Sif Muna's Compendium of Dusty Envenoming (Sif
                  | Muna gifted it to you on level 2 of the Realm of Zot)
111923 | Zot:2    | Received a gift from Sif Muna
113065 | Zot:2    | Found a roughly hewn altar of Beogh.
114036 | Zot:3    | Got a brightly glowing crystal amulet
114037 | Zot:3    | Identified the amulet "Uczu" {Spirit +Blink MR+} (You
                  | acquired it on level 3 of the Realm of Zot)
115520 | Zot:4    | Received a gift from Sif Muna
116823 | Zot:5    | Entered Level 5 of the Realm of Zot
117835 | Zot:5    | Noticed an orb of fire
117837 | Zot:5    | Gained mutation: You are resistant to hostile enchantments.
                  | (MR+) [an orb of fire]
117861 | Zot:5    | Gained mutation: You tend to lose your temper in combat.
                  | [an orb of fire]
117867 | Zot:5    | Gained mutation: Your magical capacity is low. (-10% MP)
                  | [an orb of fire]
117873 | Zot:5    | Gained mutation: Your spells are a little easier to cast,
                  | but a little less powerful. [an orb of fire]
117876 | Zot:5    | Killed an orb of fire
117969 | Zot:5    | Lost mutation: Your spells are a little easier to cast, but
                  | a little less powerful. [potion of mutation]
117969 | Zot:5    | Lost mutation: You tend to lose your temper in combat.
                  | [potion of mutation]
117969 | Zot:5    | Lost mutation: You are partially covered in yellow scales.
                  | (AC +2) [potion of mutation]
117969 | Zot:5    | Gained mutation: Your muscles are strong. (Str +2) [potion
                  | of mutation]
117969 | Zot:5    | Gained mutation: You have a somewhat thin skeletal
                  | structure. (Dex +2, Stealth) [potion of mutation]
117969 | Zot:5    | Gained mutation: Your spells are a little harder to cast,
                  | but a little more powerful. [potion of mutation]
117970 | Zot:5    | Lost mutation: Your magical capacity is low. (-10% MP)
                  | [potion of mutation]
117970 | Zot:5    | Lost mutation: Your spells are a little harder to cast, but
                  | a little more powerful. [potion of mutation]
117970 | Zot:5    | Lost mutation: You are resistant to hostile enchantments.
                  | (MR+) [potion of mutation]
117970 | Zot:5    | Gained mutation: Your mind is acute. (Int +2) [potion of
                  | mutation]
117970 | Zot:5    | Gained mutation: Your mind is very acute. (Int +4) [potion
                  | of mutation]
117976 | Zot:5    | Noticed an ancient lich
117982 | Zot:5    | Killed an ancient lich
118099 | Zot:5    | Noticed an orb of fire
118101 | Zot:5    | Gained mutation: You are frail. (-10% HP) [an orb of fire]
118106 | Zot:5    | Killed an orb of fire
118421 | Zot:5    | Noticed an ancient lich
118454 | Zot:5    | Killed an ancient lich
118731 | Zot:5    | Received a gift from Sif Muna
119332 | Zot:5    | Noticed an ancient lich
119337 | Zot:5    | Killed an ancient lich
119557 | Zot:5    | Reached skill level 27 in Spellcasting
119847 | Zot:5    | Noticed an orb of fire
119945 | Zot:5    | Lost mutation: Your mind is very acute. (Int +4) [an orb of
                  | fire]
119947 | Zot:5    | Killed an orb of fire
120413 | Hell     | Entered the Vestibule of Hell
120413 | Hell     | Noticed Geryon
120418 | Hell     | Killed Geryon
120920 | Depths:5 | Received a gift from Sif Muna
122121 | Hell     | Found a gateway to the ashen valley of Gehenna.
122333 | Hell     | Found a gateway to the Iron City of Dis.
122399 | Hell     | Found a gateway to the freezing wastes of Cocytus.
122572 | Hell     | Found a gateway to the decaying netherworld of Tartarus.
122723 | Depths:4 | Voluntarily entered the Abyss.
123232 | Abyss:1  | Identified Sif Muna's Incunabulum of Igneous Calling (Sif
                  | Muna gifted it to you on level 1 of the Abyss)
123232 | Abyss:1  | Received a gift from Sif Muna
123241 | Depths:4 | Escaped the Abyss
123413 | Depths:4 | Voluntarily entered the Abyss.
123415 | Abyss:1  | Found a corrupted altar of Lugonu.
123593 | Abyss:1  | Gained mutation: Scrolls take you a little longer to read.
                  | [a neqoxec]
123597 | Abyss:1  | Gained mutation: Your body sometimes deteriorates upon
                  | taking damage. [a neqoxec]
123681 | Abyss:2  | Found a corrupted altar of Lugonu.
124039 | Depths:4 | Escaped the Abyss
124477 | Depths:3 | Bought a +3 demon trident of electrocution for 981 gold
                  | pieces
125661 | Orc:1    | Bought a potion of agility for 40 gold pieces
125661 | Orc:1    | Bought a potion of berserk rage for 50 gold pieces
125661 | Orc:1    | Bought a potion of curing for 30 gold pieces
125661 | Orc:1    | Bought a potion of magic for 80 gold pieces
125661 | Orc:1    | Bought a potion of resistance for 100 gold pieces
125661 | Orc:1    | Bought a potion of lignification for 30 gold pieces
125661 | Orc:1    | Bought a potion of curing for 30 gold pieces
125745 | Elf:3    | Bought a scroll of teleportation for 84 gold pieces
125749 | Elf:3    | Bought a phantom mirror for 390 gold pieces
125749 | Elf:3    | Bought a phantom mirror for 390 gold pieces
125749 | Elf:3    | Bought a phantom mirror for 390 gold pieces
125749 | Elf:3    | Bought a wand of acid (9) for 338 gold pieces
125749 | Elf:3    | Bought a sack of spiders for 260 gold pieces
125801 | Elf:2    | Bought a wand of digging (7) for 330 gold pieces
126041 | Depths:1 | Voluntarily entered the Abyss.
126239 | Abyss:3  | Lost mutation: Your mind is acute. (Int +2) [a neqoxec]
126320 | Depths:1 | Escaped the Abyss
126590 | Depths:1 | Voluntarily entered the Abyss.
126675 | Abyss:1  | Identified Sif Muna's Tome of Aerial Translocation (Sif
                  | Muna gifted it to you on level 1 of the Abyss)
126675 | Abyss:1  | Received a gift from Sif Muna
126764 | Abyss:1  | Paralysed by you for 4 turns
126782 | Depths:1 | Escaped the Abyss
126784 | Depths:1 | Voluntarily entered the Abyss.
127295 | Abyss:1  | Paralysed by accursed screaming for 1 turns
127299 | Depths:1 | Escaped the Abyss
127393 | Depths:1 | Upgraded the game from 0.24-a0-581-gc0fa6600bf to
                  | 0.24-a0-582-g4d4af813a0
127431 | Depths:1 | Voluntarily entered the Abyss.
127431 | Abyss:1  | Found a corrupted altar of Lugonu.
127697 | Abyss:1  | Gained mutation: You are very frail. (-20% HP) [a neqoxec]
127842 | Abyss:2  | Found a burning altar of Makhleb.
127958 | Abyss:2  | Identified Sif Muna's Incunabulum of Heat and the Entourage
                  | (Sif Muna gifted it to you on level 2 of the Abyss)
127958 | Abyss:2  | Received a gift from Sif Muna
127989 | Abyss:2  | Found a corrupted altar of Lugonu.
127991 | Abyss:2  | Found a corrupted altar of Lugonu.
128549 | Abyss:4  | Got an abyssal rune of Zot
128556 | Abyss:4  | Reached skill level 10 in Evocations
128612 | Abyss:4  | Identified Sif Muna's Grimoire of Scorching Beguiling (Sif
                  | Muna gifted it to you on level 4 of the Abyss)
128612 | Abyss:4  | Received a gift from Sif Muna
128703 | Abyss:4  | Found a corrupted altar of Lugonu.
128801 | Abyss:4  | Found a shimmering blue altar of Sif Muna.
128830 | Abyss:4  | Identified Sif Muna's Guide on Displacement
128844 | Abyss:4  | Gained mutation: You tend to lose your temper in combat. [a
                  | neqoxec]
128849 | Abyss:4  | Identified Sosiusi's Catalogue of the Blaze
128858 | Abyss:4  | Found a corrupted altar of Lugonu.
128871 | Abyss:4  | Identified the Disquisition on Flight
128873 | Abyss:4  | Identified the Reference Book on Moulding
128879 | Abyss:4  | Found a shimmering blue altar of Sif Muna.
128880 | Abyss:4  | Identified the Volume of Combat Magic
128884 | Abyss:4  | Identified the Reference Book on the Blaze
128904 | Abyss:4  | Identified Sif Muna's Reference Book on Confrontation
128926 | Abyss:4  | Identified the Volume of Air
129151 | Abyss:4  | Identified Sif Muna's Volume of the Glacier and the Escort
                  | (Sif Muna gifted it to you on level 4 of the Abyss)
129151 | Abyss:4  | Received a gift from Sif Muna
129180 | Abyss:4  | Reached ****** piety under Sif Muna
129199 | Abyss:4  | Found a corrupted altar of Lugonu.
129243 | Abyss:4  | Gained mutation: Armour fits poorly on your strangely
                  | shaped body. [a neqoxec]
129244 | Abyss:4  | Gained mutation: You are dopey. (Int -2) [a neqoxec]
129408 | Abyss:4  | Found a transporter.
129518 | Depths:1 | Escaped the Abyss
129523 | Depths:1 | Lost mutation: Your muscles are strong. (Str +2) [potion of
                  | mutation]
129523 | Depths:1 | Lost mutation: You are dopey. (Int -2) [potion of mutation]
129523 | Depths:1 | Lost mutation: Armour fits poorly on your strangely shaped
                  | body. [potion of mutation]
129523 | Depths:1 | Lost mutation: You are very frail. (-20% HP) [potion of
                  | mutation]
129523 | Depths:1 | Lost mutation: Your body sometimes deteriorates upon taking
                  | damage. [potion of mutation]
129523 | Depths:1 | Gained mutation: Scrolls take you longer to read. [potion
                  | of mutation]
129523 | Depths:1 | Gained mutation: Your muscles are strong. (Str +2) [potion
                  | of mutation]
129524 | Depths:1 | Lost mutation: Your muscles are strong. (Str +2) [potion of
                  | mutation]
129524 | Depths:1 | Lost mutation: You are frail. (-10% HP) [potion of
                  | mutation]
129524 | Depths:1 | Gained mutation: You passively map a small area around you.
                  | [potion of mutation]
129524 | Depths:1 | Gained mutation: You expend magic power (3 MP) to
                  | strengthen your wands. [potion of mutation]
129524 | Depths:1 | Gained mutation: You are partially covered in rugged brown
                  | scales. (AC +1, +3% HP) [potion of mutation]
129525 | Depths:1 | Lost mutation: Scrolls take you longer to read. [potion of
                  | mutation]
129525 | Depths:1 | Lost mutation: Scrolls take you a little longer to read.
                  | [potion of mutation]
129525 | Depths:1 | Lost mutation: You passively map a small area around you.
                  | [potion of mutation]
129525 | Depths:1 | Gained mutation: You have a pair of small horns on your
                  | head. [potion of mutation]
129526 | Depths:1 | Lost mutation: You are partially covered in rugged brown
                  | scales. (AC +1, +3% HP) [potion of mutation]
129526 | Depths:1 | Lost mutation: You have a pair of small horns on your head.
                  | [potion of mutation]
129526 | Depths:1 | Gained mutation: You have a pair of small antennae on your
                  | head. [potion of mutation]
129528 | Depths:1 | Lost mutation: You tend to lose your temper in combat.
                  | [potion of mutation]
129528 | Depths:1 | Gained mutation: Your flesh is cold resistant. (rC+)
                  | [potion of mutation]
129528 | Depths:1 | Lost mutation: Your flesh is cold resistant. (rC+) [potion
                  | of mutation]
129528 | Depths:1 | Gained mutation: Your mind is acute. (Int +2) [potion of
                  | mutation]
129722 | Depths:4 | Fell from the grace of Sif Muna
129722 | Depths:4 | Became a worshipper of Vehumet
130013 | Pan      | Entered Pandemonium
130279 | Pan      | Found an exit through the horrors of the Abyss.
130569 | Pan      | Reached skill level 15 in Evocations
130583 | Pan      | Learned a level 9 spell: Glaciate
130636 | Pan      | Reached skill level 1 in Ice Magic
130820 | Pan      | Reached * piety under Vehumet
131070 | Pan      | Noticed Niff the pandemonium lord
131100 | Pan      | Took an exit into the Abyss.
131100 | Abyss:1  | Escaped into the Abyss
131107 | Abyss:1  | Gained mutation: You are weak. (Str -2) [mutagenic glow]
131153 | Abyss:1  | Lost mutation: Your mind is acute. (Int +2) [mutagenic
                  | glow]
131178 | Abyss:1  | Paralysed by accursed screaming for 2 turns
131183 | Abyss:1  | Gained mutation: You are clumsy. (Dex -2) [mutagenic glow]
131531 | Abyss:1  | Reached skill level 5 in Ice Magic
131542 | Depths:3 | Escaped the Abyss
131739 | Pan      | Entered Pandemonium
131848 | Pan      | Reached ** piety under Vehumet
131965 | Pan      | Gained mutation: Your body sometimes deteriorates upon
                  | taking damage. [a neqoxec]
132128 | Pan      | Gained mutation: Your body often deteriorates upon taking
                  | damage. [a neqoxec]
132164 | Pan      | Gained mutation: You are very weak. (Str -4) [mutagenic
                  | glow]
132203 | Pan      | Gained mutation: You are covered in fur. (AC +1) [a
                  | neqoxec]
132214 | Pan      | Gained mutation: You do not regenerate when monsters are
                  | visible. [mutagenic glow]
132488 | Pan      | Lost mutation: Your body often deteriorates upon taking
                  | damage. [potion of mutation]
132488 | Pan      | Lost mutation: You are clumsy. (Dex -2) [potion of
                  | mutation]
132488 | Pan      | Lost mutation: You expend magic power (3 MP) to strengthen
                  | your wands. [potion of mutation]
132488 | Pan      | Lost mutation: You have a pair of small antennae on your
                  | head. [potion of mutation]
132488 | Pan      | Gained mutation: You are partially covered in slimy green
                  | scales. (AC +2) [potion of mutation]
132488 | Pan      | Gained mutation: You possess an exceptional clarity of
                  | mind. [potion of mutation]
132488 | Pan      | Gained mutation: You are partially covered in iridescent
                  | scales. (AC +2) [potion of mutation]
132499 | Pan      | Gained mutation: Your magical capacity is low. (-10% MP) [a
                  | neqoxec]
132520 | Pan      | Gained mutation: Scrolls take you a little longer to read.
                  | [a neqoxec]
132587 | Pan      | Lost mutation: You are partially covered in iridescent
                  | scales. (AC +2) [a neqoxec]
132631 | Pan      | Reached *** piety under Vehumet
132884 | Pan      | Noticed Ditoz the pandemonium lord
132897 | Pan      | Killed Ditoz the pandemonium lord
133422 | Pan      | Noticed Gysius the pandemonium lord
133431 | Pan      | Killed Gysius the pandemonium lord
133434 | Pan      | Reached **** piety under Vehumet
133445 | Pan      | Reached skill level 10 in Ice Magic
133466 | Pan      | Got a fine jade ring
133469 | Pan      | Identified the ring of Wojog {rC+ Int+2 Dex+2} (You
                  | acquired it in Pandemonium)
133492 | Pan      | Got a demonic rune of Zot
133697 | Pan      | Gained mutation: You are clumsy. (Dex -2) [a neqoxec]
134221 | Pan      | Entered the realm of Lom Lobon.
134427 | Pan      | Reached ***** piety under Vehumet
135063 | Pan      | Identified the +3 plate armour of Incorporation {Stlth+}
135079 | Pan      | Noticed Lom Lobon
135095 | Pan      | Killed Lom Lobon
135095 | Pan      | Reached skill level 15 in Conjurations
135169 | Pan      | Got a magical rune of Zot
136028 | Pan      | Entered the realm of Cerebov.
136076 | Pan      | Reached ****** piety under Vehumet
136534 | Pan      | Found an exit through the horrors of the Abyss.
136995 | Pan      | Reached skill level 15 in Ice Magic
137041 | Pan      | Identified the +9 hand axe of Ywoowutz {flame, rN+++ MR-}
138237 | Pan      | Was forgiven by Sif Muna
139434 | Pan      | Identified the +6 sword of Cerebov {flame}
139434 | Pan      | Noticed Cerebov
139677 | Pan      | Killed Cerebov
139884 | Pan      | Identified Sif Muna's Compendium of the Arsonist and
                  | Calling
139902 | Pan      | Identified the Almanac of Unholy Secrets and Lightness
139932 | Pan      | Identified Saatum's Handbook of the Excruciating Frostbite
139958 | Pan      | Got a fiery rune of Zot
140378 | Pan      | Identified the +7 flail of Cataclysm {flame, Int+3 Dex+3
                  | Stlth+}
140513 | Pan      | Noticed Nuegad Deots the pandemonium lord
140527 | Pan      | Killed Nuegad Deots the pandemonium lord
141880 | Pan      | Lost mutation: Your magical capacity is low. (-10% MP) [a
                  | neqoxec]
142425 | Pan      | Found an exit through the horrors of the Abyss.
143220 | Pan      | Entered the realm of Gloorx Vloq.
143527 | Pan      | Found an exit through the horrors of the Abyss.
143613 | Pan      | Got a serpentine wooden ring
143616 | Pan      | Identified the ring of Rokeo {rPois rN+ Str+2 Int+2 Dex+2}
                  | (You acquired it in Pandemonium)
145128 | Pan      | Noticed Gloorx Vloq
145132 | Pan      | Killed Gloorx Vloq
145209 | Pan      | Got a dark rune of Zot
145756 | Pan      | Noticed a seraph
145763 | Pan      | Killed a seraph
145836 | Pan      | Found a glowing golden altar of the Shining One.
145847 | Pan      | Identified Ytuateoh's Tome of Torrid Translocation
145849 | Pan      | Identified the Disquisition on Lucky Translocation
147160 | Pan      | Found a white marble altar of Elyvilon.
147686 | Pan      | Identified the +6 large shield "Etighy" {Regen+}
148660 | Pan      | Found a glowing silver altar of Zin.
149812 | Depths:3 | Escaped Pandemonium
149816 | Pan      | Entered Pandemonium
150095 | Pan      | Noticed Ignacio
150104 | Pan      | Killed Ignacio
150702 | Pan      | Found an exit through the horrors of the Abyss.
150716 | Pan      | Found a runed translucent door.
150752 | Pan      | Noticed Juluvi the pandemonium lord
150761 | Pan      | Killed Juluvi the pandemonium lord
151345 | Pan      | Entered the realm of Mnoleg.
151385 | Pan      | Gained mutation: You are dopey. (Int -2) [a neqoxec]
151594 | Pan      | Gained mutation: Scrolls take you longer to read. [a
                  | neqoxec]
151594 | Pan      | Gained mutation: Scrolls take you much longer to read. [a
                  | cacodemon]
151674 | Pan      | Gained mutation: You are frail. (-10% HP) [a neqoxec]
151686 | Pan      | Noticed Mnoleg
151691 | Pan      | Gained mutation: You are occasionally teleported next to
                  | monsters. [a cacodemon]
151693 | Pan      | Killed Mnoleg
151756 | Pan      | Gained mutation: You are very frail. (-20% HP) [a neqoxec]
151817 | Pan      | Paralysed by a floating eye for 2 turns
151832 | Pan      | Paralysed by a floating eye for 2 turns
152027 | Pan      | Got a glowing rune of Zot
152224 | Pan      | Gained mutation: Your body often deteriorates upon taking
                  | damage. [a neqoxec]
152226 | Pan      | Gained mutation: You are extremely frail. (-30% HP) [a
                  | neqoxec]
152378 | Pan      | Lost mutation: You are dopey. (Int -2) [a neqoxec]
152398 | Depths:3 | Escaped Pandemonium
152399 | Depths:3 | Lost mutation: You are partially covered in slimy green
                  | scales. (AC +2) [potion of mutation]
152399 | Depths:3 | Lost mutation: Scrolls take you much longer to read.
                  | [potion of mutation]
152399 | Depths:3 | Lost mutation: Your body often deteriorates upon taking
                  | damage. [potion of mutation]
152399 | Depths:3 | Lost mutation: You possess an exceptional clarity of mind.
                  | [potion of mutation]
152399 | Depths:3 | Gained mutation: You have sharp fingernails. [potion of
                  | mutation]
152400 | Depths:3 | Lost mutation: You are occasionally teleported next to
                  | monsters. [potion of mutation]
152400 | Depths:3 | Lost mutation: You are clumsy. (Dex -2) [potion of
                  | mutation]
152400 | Depths:3 | Lost mutation: Scrolls take you longer to read. [potion of
                  | mutation]
152400 | Depths:3 | Lost mutation: You are very weak. (Str -4) [potion of
                  | mutation]
152400 | Depths:3 | Lost mutation: You are weak. (Str -2) [potion of mutation]
152401 | Depths:3 | Lost mutation: You are extremely frail. (-30% HP) [potion
                  | of mutation]
152401 | Depths:3 | Lost mutation: You have a somewhat thin skeletal structure.
                  | (Dex +2, Stealth) [potion of mutation]
152401 | Depths:3 | Lost mutation: Scrolls take you a little longer to read.
                  | [potion of mutation]
152401 | Depths:3 | Lost mutation: You do not regenerate when monsters are
                  | visible. [potion of mutation]
152401 | Depths:3 | Gained mutation: You are agile. (Dex +2) [potion of
                  | mutation]
152402 | Depths:3 | Lost mutation: You are agile. (Dex +2) [potion of mutation]
152402 | Depths:3 | Lost mutation: Your body sometimes deteriorates upon taking
                  | damage. [potion of mutation]
152402 | Depths:3 | Lost mutation: You are very frail. (-20% HP) [potion of
                  | mutation]
152402 | Depths:3 | Gained mutation: Scrolls take you a little longer to read.
                  | [potion of mutation]
152402 | Depths:3 | Gained mutation: Your flesh is heat resistant. (rF+)
                  | [potion of mutation]
152566 | Tar:1    | Entered Level 1 of Tartarus
153018 | Tar:1    | Reached skill level 27 in Ice Magic
153090 | Tar:1    | HP: 3/216 [shot self (38)]
153090 | Tar:1    | HP: 1/216 [cloud of flame (2)]
156682 | Tar:3    | Reached skill level 1 in Translocations
157143 | Tar:3    | Reached skill level 5 in Translocations
158335 | Tar:4    | Reached skill level 10 in Translocations
159565 | Tar:4    | Learned a level 8 spell: Controlled Blink
160704 | Tar:5    | Gained mutation: You do not regenerate when monsters are
                  | visible. [mutagenic glow]
162122 | Tar:6    | Reached skill level 15 in Translocations
162449 | Tar:7    | Entered Level 7 of Tartarus
164576 | Tar:7    | Gained mutation: You are weak. (Str -2) [mutagenic glow]
165165 | Tar:7    | Gained mutation: You are clumsy. (Dex -2) [mutagenic glow]
165686 | Tar:7    | Identified the +9 spear of Lies {drain, rElec}
165763 | Tar:7    | Got a translucent helmet
165766 | Tar:7    | Identified the +2 helmet of Precision Catastrophes {Int-2
                  | Dex+9 SInv Stlth+} (You found it on level 7 of Tartarus)
166015 | Tar:7    | Noticed Ereshkigal
166033 | Tar:7    | Killed Ereshkigal
166387 | Tar:7    | Reached skill level 27 in Fighting
166645 | Tar:7    | Got a crude spear
166650 | Tar:7    | Identified the cursed +0 spear of the Apocalypse {freeze,
                  | Dex+2} (You found it on level 7 of Tartarus)
166657 | Tar:7    | Got a bone rune of Zot
167600 | Dis:1    | Entered Level 1 of the Iron City of Dis
167920 | Dis:1    | Reached skill level 27 in Evocations
169176 | Dis:6    | Reached skill level 15 in Dodging
169398 | Dis:7    | Entered Level 7 of the Iron City of Dis
169997 | Dis:7    | Gained mutation: You are dopey. (Int -2) [mutagenic glow]
170769 | Dis:7    | HP: 6/184 [Hell Sentinel/damnation (38)]
170774 | Dis:7    | Killed from afar by a Hell Sentinel

Levels and vault maps discovered:
D:1:      nzn_arrival_settlement, layout_basic
D:2:      layout_loops_ring, nicolae_overflow_hidden_temple
D:3:      layout_loops_ring, good_gods_mini_temple, makhleb_altar_promises_db,
          uniq_crazy_yiuf_cottage, uniq_sigmund
D:4:      layout_gridville, kennysheep_mini, uniq_pikel, uniq_natasha
D:5:      layout_basic, nicolae_dithmenos_shadow_blocks, first_ration,
          nrook_loot_triangle, hangedman_abyss_or_decor_jellyfish_corner
D:6:      layout_loops_ring, lemuel_coloured_pillars_altar,
          minmay_temple_entry_butterflies, serial_shops, nicolae_shop_trees,
          uniq_eustachio, uniq_edmund
D:7:      layout_basic, kennysheep_little_box
D:8:      layout_basic, lemuel_mausoleum_altar_kikubaaqudgha, slow_altar_1,
          special_room [special_room_orc], blue_anna_alchemist
          [blue_anna_fruit_fields, blue_anna_fruit_fields]
D:9:      layout_cave_pools, orc_0_dummy
D:10:     minmay_the_grid_triangle_9x9_recursive_2_mashed
          [minmay_the_grid_triangle_9x9_prize_center,
          minmay_the_grid_triangle_9x9_semitri,
          minmay_the_grid_triangle_9x9_empty,
          minmay_the_grid_triangle_9x9_thin_v], layout_long_grid, uniq_psyche
D:11:     layout_roguey, david_lair_shrubbed, uniq_maurice
D:12:     layout_cave_pods, basic_altar, uniq_erolcha, uniq_josephine,
          uniq_gastronok, uniq_nessos
D:13:     layout_loops_corners, minmay_lizard_king
D:14:     layout_cave_pools, erik_vaults_2, fountainhead, nicolae_evil_shop
D:15:     grunt_enter_depths_magical_seal, layout_layer_cave,
          minmay_tree_intersection, serial_shops, shop_fountains
Temple:   chequers_temple_sunken
Lair:1:   layout_small_grid, portal_ice_cave_demonic_guard, beast_lair_carwin_8
Lair:2:   layout_chaotic_city, palyth_hydra_swamp_entry
Lair:3:   layout_chaotic_city
Lair:4:   layout_long_grid, minmay_snake_entry_guardpost_small,
          kilobyte_rumbling_trees
Lair:5:   layout_gridlike, slime_altar_2, wad_woods_road_02,
          lemuel_fruit_fields, uniq_snorg
Lair:6:   evilmike_catoblepas_cave, layout_hall_layers,
          nicolae_volcano_entry_lava_flow, st_stairs_11,
          chequers_serial_rivers_small_3, uniq_urug
Swamp:1:  layout_basic_swamp, evilmike_swamp_ruin_house_5,
          infiniplex_staircase_pool
Swamp:2:  layout_falls_marsh, evilmike_swamp_ruin_house_2, swamp_pool2
Swamp:3:  layout_falls_marsh, evilmike_swamp_ruin_rubble_1
Swamp:4:  swamp_alternative, layout_basic_swamp, swamp_pool4, lightli_tree_ring
Snake:1:  nicolae_snake_nest, layout_chambers, basic_altar
Snake:2:  layout_rooms, abandoned_shop, uniq_saint_roka
Snake:3:  layout_misc_corridors, st_stairs_6
Snake:4:  snake_pit, layout_misc_corridors, serial_shops, nicolae_shop_stone,
          nicolae_shop_overgrown_old_shop, shop, shop, abandoned_shop,
          drop_trap, st_stairs_11, serial_bayou_shore_a
Slime:1:  nicolae_slime_jelly_donut, layout_caves
Slime:2:  layout_caves
Slime:3:  layout_caves
Slime:4:  layout_caves, basic_altar
Slime:5
Orc:1:    layout_diamond_mine, serial_shops, nicolae_shop_trees, mines4_lemuel
Orc:2:    st_orc_town, layout_caves, serial_shops, shop, uniq_rupert
Elf:1:    layout_rooms, hangedman_corner_corridor
Elf:2:    layout_geoelf_grid, serial_shops, bzr_entry_safe, drop_trap,
          minmay_shop_grove
Elf:3:    minmay_elf_hall_dome, layout_geoelf_grid, minmay_shop_star,
          uniq_bai_suzhen
Vaults:1: vaults_standard_mumra_lines, nicolae_vaults_little_squares_2,
          grunt_vaults_bifocal, ontoclasm_vaults_ligature,
          hangedman_vaults_stitches, nicolae_vaults_little_squares_4,
          nicolae_vaults_mini_display_case, nicolae_vaults_theta,
          layout_vaults_chaotic_city, serial_shops, shop_coins
Vaults:2: vaults_dpeg_spiral, vaults_mumra_lcd,
          ontoclasm_vaults_decontamination,
          vaults_standard_mumra_enter_the_diamond, v_pattern_5,
          grunt_vaults_funneled_arena, ontoclasm_vaults_tryst,
          nicolae_vaults_diagonal_hallway_7, vaults_dpeg_diagonal,
          nicolae_vaults_ring_of_whatevers, ontoclasm_vaults_bender,
          nicolae_vaults_little_squares_5, nicolae_vaults_asterisk,
          nicolae_vaults_little_squares_2, layout_vaults_maze, uniq_aizul,
          uniq_mennas
Vaults:3: nicolae_vaults_little_squares_4, minmay_crypt_entry_vampire_xt,
          nicolae_vaults_c_with_doors, v_misc_14,
          hangedman_vaults_stretched_pinwheel, v_pattern_1,
          vaults_mumra_minichess, ontoclasm_vaults_eye, serial_ice_g,
          dpeg_vaults_monster_box, nicolae_vaults_yaktaur_gun_rack,
          nicolae_vaults_little_squares_5, layout_vaults_omnigrid, uniq_boris,
          uniq_mara, uniq_donald
Vaults:4: st_diamondy, ontoclasm_vaults_twist, nicolae_vaults_ring_of_whatevers,
          vaults_room_pool, v_rooms_3, v_alt_pattern_2, vaults_room_boxed,
          nicolae_vaults_network_s, nicolae_vaults_diagonal_hallway_8,
          grunt_vaults_funnel, layout_vaults_ring, uniq_jory
Vaults:5
Crypt:1:  layout_gridlike, lemuel_hellish_altar
Crypt:2:  layout_regular_city
Crypt:3:  grunt_crypt_end_deaths_head
Depths:1: layout_long_grid, minmay_large_rounded_square,
          pf_vacation_house_of_asmodeus, nicolae_abyss_entry_one_way_or_another,
          hangedman_abyss_or_decor_clamps
Depths:2: grunt_double_whammy, layout_cave_pools, hell_entry,
          minmay_staircase_bubble
Depths:3: hangedman_stitches_corridor, layout_basic, hell_entry,
          grunt_pan_entry_in_and_out, abyss_entry, minmay_shop_grid_forest,
          grunt_ministairs_12
Depths:4: grunt_forest_end_shrine, layout_basic, serial_shops, shop,
          kennysheep_crisscross, pf_hell_entry_tar_river,
          minmay_room_of_horrors, cheibriados_altar_1
Depths:5: grunt_zot_entry_gee_three, layout_cave_shapes, enter_ziggurat_b,
          hell_entry, minmay_misc_feat_rugged, rand_demon_pan_entry_7,
          horrible_house_mu, uniq_xtahua, uniq_frederick
Hell
Dis:1:    hangedman_dis_monolith, layout_regular_city
Dis:2:    layout_subdivisions
Dis:3:    layout_gridville, lemuel_elevator
Dis:4:    layout_gridville
Dis:5:    layout_chaotic_city
Dis:6:    layout_gridville
Dis:7:    iron_city_of_dis [dis_grunt, dis_wall_5], layout_chaotic_city
Tar:1:    layout_grid_maze
Tar:2:    layout_cathedral_of_symmetry
Tar:3:    layout_catacombs
Tar:4:    layout_grid_maze
Tar:5:    layout_honeycomb
Tar:6:    layout_cathedral_of_symmetry, nicolae_tar_cuneiform_water
Tar:7:    tar_minmay_river
Zot:1:    layout_onion
Zot:2:    hangedman_orp_of_zott, layout_basic, grunt_megastairs_4
Zot:3:    layout_concentric_octagons, nicolae_lava_and_water,
          hangedman_zot_wheel_spokes, grunt_ministairs_15
Zot:4:    layout_gridlike
Zot:5:    layout_onion, grunt_ministairs_15

Skill      XL: |  1  2  3  4  5  6  7  8  9 10 11 12 13 14 15 16 17 18 19 20 21 22 23 24 25 26 27 |
---------------+----------------------------------------------------------------------------------+-----
Stealth        | 2 |  2.0
Conjurations   | 2 3 5 6 8 10 11 25 | 25.0
Fire Magic     | 4 5 6 7 8 10 11 15 18 20 21 27 | 27.0
Dodging        | 3 6 9 18 | 18.9
Spellcasting   | 3 4 6 8 10 12 13 15 17 18 19 20 27 | 27.0
Shields        | 1 2 5 10 14 15 | 15.0
Fighting       | 5 6 7 11 12 15 18 19 20 27 | 27.0
Armour         | 2 7 8 10 12 17 18 19 24 | 24.0
Invocations    | 3 5 7 10 11 | 11.0
Evocations     | 3 4 7 27 | 27.0
Earth Magic    | 4 5 7 8 10 | 10.0
Necromancy     | 3 6 7 8 10 | 10.0
Polearms       | 8 12 14 | 14.0
Charms         | 6 7 |  7.0
Air Magic      | 6 7 |  7.0
Ice Magic      | 27 | 27.0
Translocations | 18 | 18.0

Action                   |  1- 3 |  4- 6 |  7- 9 | 10-12 | 13-15 | 16-18 | 19-21 | 22-24 | 25-27 || total
-------------------------+-------+-------+-------+-------+-------+-------+-------+-------+-------++-------
Melee: Spear             |     8 |       |       |       |       |       |       |       |       ||     8
       Short sword       |     1 |       |       |       |       |       |       |       |       ||     1
       Hunting sling     |       |     1 |     1 |       |       |       |       |       |       ||     2
       Quarterstaff      |       |       |     6 |       |       |       |       |       |       ||     6
       Flail             |       |       |    18 |   144 |   122 |       |       |       |       ||   284
       Trident           |       |       |       |     1 |       |    83 |   167 |   186 |   911 ||  1348
       Fustibalus        |       |       |       |     2 |       |       |       |       |       ||     2
       Staff             |       |       |       |       |    12 |       |       |       |       ||    12
       Demon trident     |       |       |       |       |       |       |       |       |  4721 ||  4721
       Bite              |       |       |       |       |       |       |       |       |   714 ||   714
       Headbutt          |       |       |       |       |       |       |       |       |     5 ||     5
 Fire: Hunting sling     |    37 |    44 |   166 |    67 |       |       |       |       |       ||   314
       Fustibalus        |       |       |       |    16 |    11 |       |       |       |       ||    27
Throw: Stone             |       |       |       |   102 |    43 |       |       |       |       ||   145
       Boomerang         |       |       |       |       |     5 |    41 |    37 |       |       ||    83
 Cast: Flame Tongue      |    45 |    47 |    81 |   481 |   432 |   165 |     3 |       |     1 ||  1255
       Sticky Flame      |       |     2 |    47 |   142 |   198 |    56 |    10 |     9 |       ||   464
       Conjure Flame     |       |       |     1 |    19 |    17 |       |       |       |       ||    37
       Fireball          |       |       |       |     6 |    22 |    27 |    14 |    12 |       ||    81
       Bolt of Magma     |       |       |       |     2 |   141 |    68 |    36 |    69 |    17 ||   333
       Borgnjor's Vile C |       |       |       |       |    44 |   186 |   271 |   185 |   878 ||  1564
       Iron Shot         |       |       |       |       |    32 |   342 |   363 |   248 |  1488 ||  2473
       Dispel Undead     |       |       |       |       |    10 |    19 |    11 |   291 |   386 ||   717
       Infestation       |       |       |       |       |       |     1 |       |       |       ||     1
       Deflect Missiles  |       |       |       |       |       |       |       |     4 |    20 ||    24
       Regeneration      |       |       |       |       |       |       |       |     7 |   200 ||   207
       Ignition          |       |       |       |       |       |       |       |     8 |   366 ||   374
       Glaciate          |       |       |       |       |       |       |       |       |   277 ||   277
       Fire Storm        |       |       |       |       |       |       |       |       |   179 ||   179
       Orb of Destructio |       |       |       |       |       |       |       |       |    26 ||    26
       Controlled Blink  |       |       |       |       |       |       |       |       |    16 ||    16
       Death Channel     |       |       |       |       |       |       |       |       |    13 ||    13
       Blink             |       |       |       |       |       |       |       |       |     2 ||     2
       Apportation       |       |       |       |       |       |       |       |       |     1 ||     1
Invok: Channel Magic     |       |       |       |     2 |     2 |     3 |     1 |     6 |    12 ||    26
       Divine Exegesis   |       |       |       |       |       |     1 |       |       |       ||     1
 Abil: Hop               |       |       |       |       |     4 |     7 |     2 |     1 |    10 ||    24
       Evoke Invisibilit |       |       |       |       |       |     1 |       |       |       ||     1
Evoke: Wand              |       |       |       |    15 |    11 |     5 |     2 |     2 |    26 ||    61
       Lightning rod     |       |       |       |       |     2 |       |       |       |       ||     2
       Crystal ball of e |       |       |       |       |       |       |       |       |   144 ||   144
       Horn of Geryon    |       |       |       |       |       |       |       |       |     2 ||     2
       Phantom mirror    |       |       |       |       |       |       |       |       |     2 ||     2
       Lamp of fire      |       |       |       |       |       |       |       |       |     1 ||     1
  Use: Scroll            |     4 |       |    12 |    14 |    14 |     8 |     7 |    10 |    35 ||   104
       Potion            |       |       |     1 |     5 |     2 |     5 |     4 |     2 |    45 ||    64
 Stab: Sleeping          |       |       |       |       |       |     1 |       |       |       ||     1
       Confused          |       |       |       |       |       |     2 |       |       |     4 ||     6
       Paralysed         |       |       |       |       |       |       |     2 |     7 |    11 ||    20
       Petrifying        |       |       |       |       |       |       |       |     1 |     2 ||     3
       Petrified         |       |       |       |       |       |       |       |       |     3 ||     3
       Distracted        |       |       |       |       |       |       |       |       |    22 ||    22
  Eat: Chunk             |     5 |     7 |    21 |    24 |    59 |    35 |    38 |    34 |    79 ||   302
       Ration            |       |       |     2 |     9 |    11 |    16 |     7 |     7 |    67 ||   119
Armor: Robe              |     2 |     3 |     7 |       |       |       |       |       |       ||    12
       Troll leather arm |       |       |    29 |   197 |   105 |       |       |       |       ||   331
       Leather armour    |       |       |       |       |   251 |   229 |   140 |    72 |       ||   692
       Chain mail        |       |       |       |       |       |       |       |    36 |  1719 ||  1755
Dodge: Dodged            |    19 |    16 |    66 |   258 |   369 |   337 |   234 |   185 |  1843 ||  3327
       Deflected         |       |       |       |       |       |       |       |    22 |   141 ||   163
Block: Buckler           |       |       |    43 |   208 |   316 |   335 |   134 |       |       ||  1036
       Reflection        |       |       |     4 |    16 |    13 |    33 |    21 |       |     3 ||    90
       Shield            |       |       |       |       |       |       |    79 |   366 |  3488 ||  3933

Table legend:
 A = Non-vault XP
 B = Vault XP
 C = Vault XP percentage of total XP
 D = Non-vault monster count
 E = Vault monster count
 F = Vault count percentage of total count
                 A         B        C        D         E       F
            +---------+---------+-------+---------+---------+-------
      Total | 2988853 | 1521065 |  33.7 |    4224 |    1512 |  26.4
            +---------+---------+-------+---------+---------+-------
        D:1 |      55 |       0 |   0.0 |      26 |       0 |   0.0
        D:2 |      96 |       0 |   0.0 |      27 |       0 |   0.0
        D:3 |      59 |     279 |  82.5 |      11 |       2 |  15.4
        D:4 |     312 |     629 |  66.8 |      14 |       2 |  12.5
        D:5 |     328 |       0 |   0.0 |      10 |       0 |   0.0
        D:6 |    1128 |     349 |  23.6 |      14 |       2 |  12.5
        D:7 |    1119 |       0 |   0.0 |      21 |       0 |   0.0
        D:8 |    1621 |    1662 |  50.6 |      30 |      34 |  53.1
        D:9 |    2233 |       0 |   0.0 |      32 |       0 |   0.0
       D:10 |    3772 |    5243 |  58.2 |      40 |      16 |  28.6
       D:11 |    3138 |     795 |  20.2 |      38 |       2 |   5.0
       D:12 |    5762 |    6302 |  52.2 |      37 |       8 |  17.8
       D:13 |    9905 |    1375 |  12.2 |      36 |       8 |  18.2
       D:14 |   10202 |    6904 |  40.4 |      33 |       7 |  17.5
       D:15 |   19339 |    7002 |  26.6 |      41 |      11 |  21.2
     Lair:1 |    2585 |    1663 |  39.1 |      14 |      10 |  41.7
     Lair:2 |    3308 |    2388 |  41.9 |      13 |       5 |  27.8
     Lair:3 |    3485 |       0 |   0.0 |      16 |       0 |   0.0
     Lair:4 |    2999 |    2530 |  45.8 |      14 |      12 |  46.2
     Lair:5 |    8241 |    4452 |  35.1 |      23 |      11 |  32.4
     Lair:6 |    6677 |   10596 |  61.3 |      22 |      21 |  48.8
    Swamp:1 |    9236 |       0 |   0.0 |      26 |       0 |   0.0
    Swamp:2 |   18038 |       0 |   0.0 |      41 |       0 |   0.0
    Swamp:3 |   18304 |    3618 |  16.5 |      51 |       4 |   7.3
    Swamp:4 |   10125 |   13767 |  57.6 |      19 |      24 |  55.8
    Snake:1 |   23652 |     269 |   1.1 |      50 |       2 |   3.8
    Snake:2 |   18327 |    6307 |  25.6 |      32 |      13 |  28.9
    Snake:3 |   22434 |    2035 |   8.3 |      33 |       4 |  10.8
    Snake:4 |   18251 |   32174 |  63.8 |      35 |      46 |  56.8
    Slime:1 |   17390 |     377 |   2.1 |      29 |       9 |  23.7
    Slime:2 |   18205 |       0 |   0.0 |      29 |       0 |   0.0
    Slime:3 |   17749 |       0 |   0.0 |      21 |       0 |   0.0
    Slime:4 |   27152 |       0 |   0.0 |      31 |       0 |   0.0
    Slime:5 |   12857 |   35582 |  73.5 |      10 |      12 |  54.5
      Orc:1 |    3577 |       0 |   0.0 |      26 |       0 |   0.0
      Orc:2 |    2587 |    9807 |  79.1 |      26 |      60 |  69.8
      Elf:1 |   17273 |    3703 |  17.7 |      33 |       8 |  19.5
      Elf:2 |   10322 |   23191 |  69.2 |      20 |      28 |  58.3
      Elf:3 |   25423 |   46357 |  64.6 |      43 |      26 |  37.7
   Vaults:1 |   27805 |   10797 |  28.0 |      47 |      19 |  28.8
   Vaults:2 |   30203 |   43211 |  58.9 |      62 |      42 |  40.4
   Vaults:3 |   23073 |   54334 |  70.2 |      34 |      54 |  61.4
   Vaults:4 |   70835 |   34491 |  32.7 |     101 |      38 |  27.3
   Vaults:5 |   64761 |  126907 |  66.2 |      84 |     101 |  54.6
    Crypt:1 |   24651 |    1528 |   5.8 |      33 |      12 |  26.7
    Crypt:2 |   15248 |       0 |   0.0 |      25 |       0 |   0.0
    Crypt:3 |       0 |   77629 | 100.0 |       0 |     117 | 100.0
   Depths:1 |   60932 |    1658 |   2.6 |      70 |       1 |   1.4
   Depths:2 |   29538 |   20181 |  40.6 |      36 |      18 |  33.3
   Depths:3 |   32286 |   34415 |  51.6 |      50 |      37 |  42.5
   Depths:4 |   74857 |   26601 |  26.2 |      93 |      37 |  28.5
   Depths:5 |   52043 |   47749 |  47.8 |      38 |      39 |  50.6
       Hell |   27476 |   43084 |  61.1 |      41 |      56 |  57.7
      Dis:1 |   22619 |   30393 |  57.3 |      51 |      44 |  46.3
      Dis:2 |    2573 |       0 |   0.0 |       6 |       0 |   0.0
      Dis:3 |      40 |       0 |   0.0 |       1 |       0 |   0.0
      Dis:5 |    8279 |       0 |   0.0 |       5 |       0 |   0.0
      Dis:6 |   64230 |       0 |   0.0 |      90 |       0 |   0.0
      Dis:7 |   42784 |   50657 |  54.2 |      68 |      37 |  35.2
      Tar:1 |  104811 |       0 |   0.0 |     132 |       0 |   0.0
      Tar:2 |   95952 |       0 |   0.0 |     115 |       0 |   0.0
      Tar:3 |  154486 |       0 |   0.0 |     200 |       0 |   0.0
      Tar:4 |   34255 |       0 |   0.0 |      75 |       0 |   0.0
      Tar:5 |   53588 |       0 |   0.0 |      60 |       0 |   0.0
      Tar:6 |   79211 |       0 |   0.0 |      78 |       0 |   0.0
      Tar:7 |  292684 |   94753 |  24.5 |     273 |      68 |  19.9
      Zot:1 |   65067 |       0 |   0.0 |      44 |       0 |   0.0
      Zot:2 |   81652 |   35744 |  30.4 |      50 |      42 |  45.7
      Zot:3 |   53451 |    6130 |  10.3 |      33 |       2 |   5.7
      Zot:4 |   70735 |       0 |   0.0 |      44 |       0 |   0.0
      Zot:5 |   47134 |  146507 |  75.7 |      28 |      39 |  58.2
    Abyss:1 |   96820 |    5369 |   5.3 |     155 |       6 |   3.7
    Abyss:2 |   20827 |       0 |   0.0 |      50 |       0 |   0.0
    Abyss:3 |   19958 |    5899 |  22.8 |      28 |       9 |  24.3
    Abyss:4 |   80290 |   13570 |  14.5 |     144 |      28 |  16.3
        Pan |  586433 |  368012 |  38.6 |     713 |     240 |  25.2
      IceCv |       0 |    5466 | 100.0 |       0 |      20 | 100.0
    Volcano |       0 |    6624 | 100.0 |       0 |      19 | 100.0
            +---------+---------+-------+---------+---------+-------
